 Dungeon Crawl Stone Soup version 0.30.0-30-g96aa6591b8 (webtiles) character file.

Game seed: 9368701302720936226

35177578 glosham the Archmage (level 27, 249/249 HPs)
             Began as a Demonspawn Hedge Wizard on June 18, 2023.
             Was the Champion of Cheibriados.
             Escaped with the Orb
             ... and 15 runes on June 26, 2023!
             The game lasted 1 day 07:45:20 (41940 turns).

glosham the Archmage (Demonspawn Hedge Wizard) Turns: 41940, Time: 1 , 07:45:21

Health: 249/249    AC: 16    Str: 25    XL:     27
Magic:  77/77      EV: 41    Int: 54    God:    Cheibriados [******]
Gold:   6522       SH:  0    Dex: 29    Spells: 0/80 levels left

rFire   + . .        a - staff of earth "Doit" {rF+ rC+ MP+9}
rCold   + + +        (no shield)
rNeg    + + +        X - +4 moon troll leather armour {Spirit, Regen++ MP+5}
rPois   ∞            (helmet unavailable)
rElec   +            (cloak unavailable)
rCorr   +            Y - +0 pair of gloves of Uskayaw's Esteem {rElec rC+ rN+ Regen+}
SInv    +            (boots unavailable)
Will    ++++.        z - amulet of magic regeneration
Stlth   +            A - ring "Foenad" {rCorr MP+9 Str-3 Int+5}
HPRegen 3.01/turn    B - ring of Ecveggiffe {Will+ Str+2 Int+6}
MPRegen 1.30/turn

%: guardian spirit
@: lich-form (expiring), studying 6 skills, very slow
A: draining attack, torment immunity, no potions, antennae 3, hooves 3, magic
shield, magic regeneration, magic link, black mark, demonic magic 3, bedeviling,
aura of silence, weakness stinger 3
0: Orb of Zot
}: 15/15 runes: serpentine, barnacled, slimy, silver, golden, iron, obsidian,
icy, bone, abyssal, demonic, glowing, magical, fiery, dark
a: End Transformation, Renounce Religion, Bend Time, Temporal Distortion,
Slouch, Step From Time


You escaped.
You worshipped Cheibriados.
Cheibriados was exalted by your worship.
You were an undead lich.
You visited 18 branches of the dungeon, and saw 88 of its levels.
You visited Pandemonium 2 times, and saw 16 of its levels.
You visited the Abyss 1 time.
You visited 1 bazaar.
You completed 1 ziggurat, and saw 27 of its levels.
You also visited: Gauntlet, Ice Cave and Wizlab.

You collected 10443 gold pieces.
You spent 3921 gold pieces at shops.

Inventory:

Hand Weapons
 b - the +8 storm bow {elec, penet}
   (You found it on level 18 of a ziggurat)
 O - the +10 morningstar "Eos" {elec, Halo rElec}
   (You found it on level 3 of the Snake Pit)

   Halo:      It grants its wielder a halo, revealing invisible creatures and
   increasing accuracy against all within it other than the wielder.
   rElec:     It insulates you from electricity.
Missiles
 d - 29 silver javelins
 e - 21 javelins
Armour
 S - the +8 plate armour of Mygrex {rN++ Will++ Slay-2}
   (You found it on level 12 of a ziggurat)

   Slay:      It affects your accuracy & damage with ranged weapons and melee
   (-2).
   rN:        It greatly protects you from negative energy.
   Will:      It greatly increases your willpower.
 W - a +2 robe of the Archmagi
 X - the +4 moon troll leather armour (worn) {Spirit, Regen++ MP+5}
   (You took it off a moon troll in a wizard's laboratory)

   MP:        It affects your magic capacity (+5).
   Regen:     It increases your rate of health regeneration.
 Y - the +0 pair of gloves of Uskayaw's Esteem (worn) {rElec rC+ rN+ Regen+}
   (You acquired it on level 24 of a ziggurat)

   rC:        It protects you from cold.
   rElec:     It insulates you from electricity.
   rN:        It protects you from negative energy.
   Regen:     It increases your rate of health regeneration.
 Z - the +3 warlock's mirror {omnireflect}
   (You found it on level 26 of a ziggurat)

   Omnireflect: It can block and reflect piercing ranged attacks and magical
   attacks against the wielder's willpower.
Magical Staves
 a - the staff of earth "Doit" (weapon) {rF+ rC+ MP+9}
   (You found it on level 21 of a ziggurat)

   [staff of earth]

   Base accuracy: +5 Base damage: 5 Base attack delay: 1.2 This weapon's minimum
   attack delay (0.6) is reached at skill level 12.
   rF:        It protects you from fire.
   rC:        It protects you from cold.
   MP:        It affects your magic capacity (+9).
   It falls into the 'Staves' category.
   It is a one-handed weapon.
 c - the staff of cold "Heggukea" {rElec rF+ rC+ Int+3 Dex+3}
   (You found it on level 7 of the Iron City of Dis)

   [staff of cold]

   Base accuracy: +5 Base damage: 5 Base attack delay: 1.2 This weapon's minimum
   attack delay (0.6) is reached at skill level 12.
   Int:       It affects your intelligence (+3).
   Dex:       It affects your dexterity (+3).
   rF:        It protects you from fire.
   rC:        It protects you from cold.
   rElec:     It insulates you from electricity.
   It falls into the 'Staves' category.
   It is a one-handed weapon.
 F - the staff of earth "Jiesh" {Fly rF+}
   (You found it on level 25 of a ziggurat)

   [staff of earth]

   Base accuracy: +5 Base damage: 5 Base attack delay: 1.2 This weapon's minimum
   attack delay (0.6) is reached at skill level 12.
   rF:        It protects you from fire.
   Fly:       It grants you flight.
   It falls into the 'Staves' category.
   It is a one-handed weapon.
 I - the staff of death "Houtairu" {rPois rN+ Will+ Int+4}
   (You found it on level 27 of a ziggurat)

   [staff of death]

   Base accuracy: +5 Base damage: 5 Base attack delay: 1.2 This weapon's minimum
   attack delay (0.6) is reached at skill level 12.
   Int:       It affects your intelligence (+4).
   rPois:     It protects you from poison.
   rN:        It protects you from negative energy.
   Will:      It increases your willpower.
   It falls into the 'Staves' category.
   It is a one-handed weapon.
 P - the staff of fire "Roehuq" {+Blink rF+ Dex+3 Stlth-}
   (You found it in Pandemonium)

   [staff of fire]

   Base accuracy: +5 Base damage: 5 Base attack delay: 1.2 This weapon's minimum
   attack delay (0.6) is reached at skill level 12.
   Dex:       It affects your dexterity (+3).
   rF:        It protects you from fire.
   +Blink:    It lets you blink.
   Stlth:     It makes you less stealthy.
   It falls into the 'Staves' category.
   It is a one-handed weapon.
 Q - the staff of poison "Kofeugox" {rPois rF+ Str-5 Int+7 Dex+2}
   (You found it on level 23 of a ziggurat)

   [staff of poison]

   Base accuracy: +5 Base damage: 5 Base attack delay: 1.2 This weapon's minimum
   attack delay (0.6) is reached at skill level 12.
   Str:       It affects your strength (-5).
   Int:       It affects your intelligence (+7).
   Dex:       It affects your dexterity (+2).
   rF:        It protects you from fire.
   rPois:     It protects you from poison.
   It falls into the 'Staves' category.
   It is a one-handed weapon.
 R - the staff of air "Quar" {rElec rF+ Will+}
   (You found it on level 12 of a ziggurat)

   [staff of air]

   Base accuracy: +5 Base damage: 5 Base attack delay: 1.2 This weapon's minimum
   attack delay (0.6) is reached at skill level 12.
   rF:        It protects you from fire.
   rElec:     It insulates you from electricity.
   Will:      It increases your willpower.
   It falls into the 'Staves' category.
   It is a one-handed weapon.
 U - the staff of fire "Enkoteun" {rF+ Dex+8}
   (You found it on level 5 of the Vaults)

   [staff of fire]

   Base accuracy: +5 Base damage: 5 Base attack delay: 1.2 This weapon's minimum
   attack delay (0.6) is reached at skill level 12.
   Dex:       It affects your dexterity (+8).
   rF:        It protects you from fire.
   It falls into the 'Staves' category.
   It is a one-handed weapon.
Jewellery
 z - an amulet of magic regeneration (around neck)
 A - the ring "Foenad" (left hand) {rCorr MP+9 Str-3 Int+5}
   (You found it in an ice cave)

   [ring of magical power]

   Str:       It affects your strength (-3).
   Int:       It affects your intelligence (+5).
   MP:        It affects your magic capacity (+9).
   rCorr:     It protects you from acid and corrosion.
 B - the ring of Ecveggiffe (right hand) {Will+ Str+2 Int+6}
   (You found it on level 3 of the Tomb of the Ancients)

   [ring of intelligence]

   Str:       It affects your strength (+2).
   Int:       It affects your intelligence (+6).
   Will:      It increases your willpower.
 C - the ring "Archan" {Wiz rF- rC++ rCorr}
   (You found it on level 1 of the Vaults)

   [ring of wizardry]

   It improves your spell success rate.
   rF:        It makes you vulnerable to fire.
   rC:        It greatly protects you from cold.
   rCorr:     It protects you from acid and corrosion.
 D - the ring "Eppucysi" {rF+ rC+ Str+3 Stlth+}
   (You found it on level 7 of Cocytus)

   [ring of protection from fire]

   Str:       It affects your strength (+3).
   rF:        It protects you from fire.
   rC:        It protects you from cold.
   Stlth:     It makes you more stealthy.
 T - the ring of the Hare {EV+10}
   (You found it on level 18 of a ziggurat)

   [ring of evasion]

   EV:        It affects your evasion (+10).
 V - the ring "Sasyach" {+Blink rF- rC+++ rCorr AC+4}
   (You found it on level 22 of a ziggurat)

   [ring of protection]

   AC:        It affects your AC (+4).
   rF:        It makes you vulnerable to fire.
   rC:        It renders you almost immune to cold.
   +Blink:    It lets you blink.
   rCorr:     It protects you from acid and corrosion.
Wands
 f - a wand of flame (182)
 g - a wand of digging (22)
 h - a wand of polymorph (62)
 i - a wand of iceblast (123)
 j - a wand of quicksilver (93)
Scrolls
 k - 27 scrolls of teleportation
 m - 3 scrolls of fog
 n - 9 scrolls of fear
 p - 13 scrolls of immolation
 L - 6 scrolls of amnesia
 M - 13 scrolls of enchant armour
Potions
 q - 4 potions of ambrosia
 r - 14 potions of curing
 s - 6 potions of heal wounds
 t - 8 potions of magic
 u - 3 potions of resistance
 v - 5 potions of brilliance
 w - 13 potions of cancellation
 x - 3 potions of invisibility
 y - 15 potions of might
 G - 11 potions of attraction
 H - 17 potions of lignification
 J - 29 potions of mutation
 K - 14 potions of flight
Miscellaneous
 E - a lightning rod (4/4)
 N - 2 +1 figurines of a ziggurat


   Skills:
 O Level 27 Fighting
 - Level 18.0 Ranged Weapons
 - Level 5.0 Armour
 O Level 27 Dodging
 - Level 1.7 Stealth
 O Level 27 Spellcasting
 - Level 7.0 Conjurations
 - Level 1.0 Summonings
 - Level 22.8 Necromancy
 - Level 3.0 Translocations
 - Level 8.0 Transmutations
 - Level 20.6 Fire Magic
 + Level 22.1 Ice Magic
 - Level 16.0 Air Magic
 * Level 23.6 Earth Magic
 - Level 15.0 Invocations


You couldn't memorise any spells.
You knew the following spells:

 Your Spells              Type           Power      Damage    Failure   Level
a - Apportation           Tloc           100%       N/A       1%          1
b - Blink                 Tloc           100%       N/A       1%          2
i - Ignition              Fire           69%        3d18      1%          8
m - Sublimation of Blood  Necr           100%       N/A       0%          2
n - Necromutation         Tmut/Necr      75%        N/A       1%          8
o - Ozocubu's Refrigerat  Ice            71%        4d23      0%          7
r - Polar Vortex          Ice            71%        N/A       1%          9
s - Shatter               Erth           85%        3d62*     1%          9
v - Vhi's Electric Charg  Tloc/Air       100%       N/A       0%          3
x - Lehudib's Crystal Sp  Conj/Erth      75%        10d17     1%          8
z - Plasma Beam           Fire/Air       67%        2x1d91    0%          6
V - Borgnjor's Revivific  Necr           85%        N/A       1%          8
Y - Death's Door          Necr           85%        N/A       1%          9

Your spell library contained the following spells:

 Spells                   Type           Power      Damage    Failure   Level
 Foxfire                  Conj/Fire      100%       2x1d9     0%          1
 Freeze                   Ice            100%       1d10      0%          1
 Kiss of Death            Conj/Necr      100%       2d13      0%          1
 Magic Dart               Conj           100%       1d8       0%          1
 Necrotise                Necr           100%       1d9       0%          1
 Sandblast                Erth           100%       2d20      0%          1
 Shock                    Conj/Air       100%       1d9       0%          1
 Cigotuvi's Dreadful Rot  Necr/Pois/Air  100%       N/A       0%          2
 Ensorcelled Hibernation  Hex/Ice        100%       N/A       0%          2
 Passwall                 Tmut/Erth      100%       N/A       0%          2
 Poisonous Vapours        Pois/Air       100%       N/A       0%          2
 Searing Ray              Conj           100%       2d8       0%          2
 Static Discharge         Conj/Air       100%       2-7/arc   0%          2
 Wereblood                Tmut           100%       N/A       0%          2
 Frozen Ramparts          Ice            100%       1d16      0%          3
 Hailstorm                Conj/Ice       100%       3d20      0%          3
 Ignite Poison            Fire/Tmut/Pois 100%       N/A       0%          3
 Inner Flame              Hex/Fire       100%       N/A       0%          3
 Mephitic Cloud           Conj/Pois/Air  100%       N/A       0%          3
 Ozocubu's Armour         Ice            100%       N/A       0%          3
 Stone Arrow              Conj/Erth      100%       3d13      0%          3
 Swiftness                Air            100%       N/A       0%          3
 Vampiric Draining        Necr           100%       2d13      0%          3
 Volatile Blastmotes      Fire/Tloc      100%       2d18      0%          3
 Airstrike                Air            64%        2d(10-26) 0%          4
 Anguish                  Hex/Necr       82%        N/A       0%          4
 Animate Armour           Summ/Erth      100%       N/A       0%          4
 Animate Dead             Necr           100%       N/A       0%          4
 Dispel Undead            Necr           100%       3d31      0%          4
 Flame Wave               Conj/Fire      100%       2d21      0%          4
 Ice Form                 Ice/Tmut       100%       N/A       0%          4
 Leda's Liquefaction      Hex/Erth       83%        N/A       0%          4
 Petrify                  Tmut/Erth      100%       N/A       0%          4
 Sticky Flame             Conj/Fire      100%       2d11      0%          4
 Summon Ice Beast         Ice/Summ       100%       N/A       0%          4
 Agony                    Necr           100%       N/A       0%          5
 Borgnjor's Vile Clutch   Necr/Erth      99%        N/A       0%          5
 Fireball                 Conj/Fire      61%        3d23      0%          5
 Freezing Cloud           Conj/Ice/Air   62%        6-21      0%          5
 Lee's Rapid Deconstruct  Erth           85%        3d38*     0%          5
 Death Channel            Necr           85%        N/A       0%          6
 Simulacrum               Ice/Necr       84%        N/A       0%          6
 Slow                     Hex            100%       N/A       1%          1
 Sting                    Tmut/Pois      100%       1d8       1%          1
 Summon Small Mammal      Summ           100%       N/A       1%          1
 Call Imp                 Summ           100%       N/A       1%          2
 Lesser Beckoning         Tloc           100%       N/A       1%          2
 Momentum Strike          Conj/Tloc      100%       3d10      1%          2
 Call Canine Familiar     Summ           71%        N/A       1%          3
 Confusing Touch          Hex            83%        N/A       1%          3
 Dazzling Flash           Conj/Hex       100%       N/A       1%          3
 Gell's Gravitas          Tloc           81%        N/A       1%          3
 Portal Projectile        Hex/Tloc       100%       N/A       1%          3
 Spider Form              Tmut/Pois      86%        N/A       1%          3
 Summon Guardian Golem    Hex/Summ       87%        N/A       1%          3
 Teleport Other           Tloc           81%        N/A       1%          3
 Tukima's Dance           Hex            83%        N/A       1%          3
 Cause Fear               Hex            41%        N/A       1%          4
 Fulminant Prism          Conj/Hex       52%        3d22      1%          4
 Iskenderun's Mystic Bla  Conj/Tloc      91%        2d18      1%          4
 Olgreb's Toxic Radiance  Pois           64%        N/A       1%          4
 Passage of Golubria      Tloc           81%        N/A       1%          4
 Summon Lightning Spire   Summ/Air       100%       N/A       1%          4
 Alistair's Intoxication  Tmut/Pois      57%        N/A       1%          5
 Arcjolt                  Conj/Air       57%        1d67      1%          5
 Blade Hands              Tmut           51%        N/A       1%          5
 Irradiate                Conj/Tmut      50%        3d28      1%          5
 Iskenderun's Battlesphe  Conj           99%        2d15      1%          5
 Metabolic Englaciation   Hex/Ice        68%        N/A       1%          5
 Silence                  Hex/Air        63%        N/A       1%          5
 Summon Forest            Summ/Tloc      38%        N/A       1%          5
 Yara's Violent Unravell  Hex/Tmut       54%        3d21      1%          5
 Conjure Ball Lightning   Conj/Air       57%        3x3d21    1%          6
 Iron Shot                Conj/Erth      75%        9d14      1%          6
 Starburst                Conj/Fire      61%        6d16      1%          6
 Statue Form              Tmut/Erth      100%       N/A       1%          6
 Haunt                    Necr/Summ      70%        N/A       1%          7
 Storm Form               Tmut/Air       58%        N/A       1%          7
 Infestation              Necr           85%        N/A       1%          8
 Maxwell's Capacitive Co  Air            64%        ∞         1%          8
 Summon Mana Viper        Hex/Summ       87%        N/A       3%          5
 Eringya's Noxious Bog    Tmut/Pois      43%        N/A       3%          6
 Dragon Form              Tmut           51%        N/A       4%          7
 Dispersal                Tloc           40%        N/A       6%          6
 Orb of Destruction       Conj           49%        9d13      6%          7
 Summon Cactus Giant      Summ           35%        N/A       13%         6
 Spellforged Servitor     Conj/Summ      43%        N/A       22%         7
 Fire Storm               Conj/Fire      61%        8d15      41%         9
 Monstrous Menagerie      Summ           35%        N/A       58%         7
 Summon Hydra             Summ           35%        N/A       58%         7
 Enfeeble                 Hex            41%        N/A       73%         7
 Chain Lightning          Conj/Air       57%        3d76      75%         9
 Disjunction              Tloc           40%        N/A       94%         8
 Summon Horrible Things   Summ           35%        N/A       99%         8
 Discord                  Hex            41%        N/A       100%        8
 Dragon's Call            Summ           35%        N/A       100%        9


Dungeon Overview and Level Annotations

Branches:
Dungeon (15/15)            Temple (1/1) D:7            Lair (5/5) D:10
 Shoals (4/4) Lair:2        Snake (4/4) Lair:2        Slime (5/5) Lair:4
    Orc (2/2) D:12            Elf (3/3) Orc:2        Vaults (5/5) D:14
  Crypt (3/3) Vaults:3       Tomb (3/3) Crypt:3      Depths (4/4) D:15
   Hell (visited)             Dis (7/7) Hell            Geh (7/7) Hell
    Coc (7/7) Hell            Tar (7/7) Hell            Zot (5/5) Depths:4
  IceCv (visited)          WizLab (visited)         Gauntlet (visited)

Altars:
Ashenzari
Cheibriados
Dithmenos
Fedhas
Gozag
Hepliaklqana
Kikubaaqudgha
Makhleb
Okawaru
Trog
Uskayaw
Vehumet
Wu Jian
Xom
Yredelemnul
Jiyva

Shops:
Orc:2 ?(?:   Elf:3 (:::*   Snake:1 ((=!*   Snake:3 =   Snake:4 [*

Portals:
Hell: Depths:1 Depths:2 Depths:3 Depths:4
Abyss: Depths:3
Pandemonium: Depths:1 Depths:2
Trove: D:11 (give +3 shadow dragon scales)


Innate Abilities, Weirdness & Mutations

You are an undead lich.
Your unarmed attacks are suffused with negative energy.
You are immune to unholy pain and torment.
Your necromantic spells are more powerful.
You cannot drink.
You are immune to poison.
You have a pair of large antennae on your head. (SInv)
You have hooves in place of feet.
When hurt, damage is shared between your health and your magic reserves.
You regenerate magic rapidly.
When low on magic, you restore magic in place of health.
Your melee attacks may debilitate your foes.
Spells you cast and wands you use may paralyse nearby enemies.
Your hexes are more powerful.
You are surrounded by an aura of silence.
You have a sharp stinger which inflicts weakening toxins.


Message History

You blink.
Malevolent energies surge around you.
A reaper comes into view.
It is wielding a +2 scythe of protection.
Blink to where?
Press: ? - help, Dir - move target
As you read the scroll of blinking, it crumbles to dust.
There is a stone staircase leading up here.
You climb upwards.
There is a stone staircase leading down here.
Blink to where?
Press: ? - help, Dir - move target
As you read the scroll of blinking, it crumbles to dust.
Aiming: Dig
Press: ? - help, Shift-Dir - straight line, f - you Please select a direction to dig.
This square is covered in magical glow.
The rock shatters into small pieces.
Malevolent energies surge around you.
Blink to where?
Press: ? - help, Dir - move target
As you read the scroll of blinking, it crumbles to dust.
You climb upwards.
There is a stone staircase leading down here.
Aiming: Dig
Press: ? - help, Shift-Dir - straight line You can't see that place. [a rock wall.]
The rock shatters into small pieces.
Malevolent energies surge around you.
Your transformation is almost over.
Blink to where?
Press: ? - help, Dir - move target
As you read the scroll of blinking, it crumbles to dust.
Aiming: Dig
Press: ? - help, Shift-Dir - straight line, f - you Please select a direction to dig.
This square is covered in magical glow.
The rock shatters into small pieces.
Malevolent energies surge around you.
Blink to where?
Press: ? - help, Dir - move target
As you read the scroll of blinking, it crumbles to dust.
Char dumped successfully.
You have escaped!

#...#..#.#.###..###.#.# #.#####
......##.##..###.####.# #.##...
..##..#.##.#...#.##...# #.##.##
#..#...#.######.####### #.##)#.
.#...#..#...#.### #...#####.##.#.
.#....##.###.#..#####........#.#.
#...##...#.#.##..# #######.##.##
.#....##.##.##..## #....#
....#...##.#..#.L# #.####
#################.# #.# ####.#
#.# ###############.#.#.# #.#
..................##.######.#
.##############.#####.......#
...# #........§.##### †#.####
######..######...#######
......###........# #.........#


There were no monsters in sight!

Vanquished Creatures
  Cerebov (Pan)
  Antaeus (Coc:7)
  Gloorx Vloq (Pan)
  Asmodeus (Geh:7)
  the Royal Jelly (Slime:5)
  Dissolution (Slime:4)
  Ereshkigal (Tar:7)
  Mnoleg (Pan)
  A seraph (Pan)
  Lom Lobon (Pan)
  the Serpent of Hell (Coc:7)
  6 dread liches
  Dispater (Dis:7)
  The ghost of Teaz Xo Upt the Hoplite, a legendary GnFE of Ashenzari (Zig:20)
  11 ancient liches
  4 orbs of fire (Zot:5)
  5 juggernauts
  36 royal mummies
  18 shard shrikes
  8 Killer Klowns
  The ghost of Dameikh the Hoplite, a veteran FoFi of Nemelex Xobeh (Zig:20)
  Xtahua (Depths:3)
  The ghost of Ycuhohed the Acrobat, a veteran TeBe of Trog (Zig:20)
  Vashnia (Snake:4)
  Geryon (Hell)
  15 caustic shrikes
  36 golden dragons
  4 profane servitors
  10 doom hounds
  2 pearl dragons (Pan)
  19 bone dragons
  8 Tzitzimimeh
  12 Brimstone Fiends
  13 electric golems
  5 iron giants
  18 pandemonium lords
  19 tentacled monstrosities
  13 hellephants
  9 liches
  18 Hell Sentinels
  Jorgrun (D:13)
  23 Ice Fiends
  Rupert (D:15)
  Asterion (Snake:4)
  2 walking frostbound tomes
  5 quicksilver dragons
  A walking earthen tome (Depths:1)
  16 tainted leviathans
  Murray (Hell)
  8 deep elf blademasters
  22 Orb Guardians
  19 searing wretches
  26 acid blobs
  A quicksilver dragon (shapeshifter) (Zig:23)
  8 deep elf master archers
  A moon troll (WizLab)
  37 titans
  21 Executioners
  Gastronok (Lair:3)
  A sphinx (shapeshifter) (Vaults:5)
  20 tentacled starspawn
  18 sphinxes
  40 ancient champions
  Ilsuiw (Shoals:4)
  8 shadow dragons
  6 death cobs
  10 tengu reavers
  21 storm dragons
  Donald (Orc:2)
  3 thorn hunters
  13 revenants
  14 azure jellies
  3 draconian monks
  Kirke (Lair:3)
  10 rockslimes
  3 fenstrider witches
  3 demonspawn warmongers (Pan)
  16 daevas (Pan)
  22 narguns
  11 draconian knights
  4 nagarajas
  20 fire giants
  2 fire giants (shapeshifter) (Zig:23)
  11 vault wardens
  6 deep elf sorcerers
  13 draconian scorchers
  13 quicksilver elementals
  6 emperor scorpions
  17 frost giants
  A juggernaut zombie (Crypt:3)
  15 ghost moths
  10 iron dragons
  40 balrugs
  A spectral juggernaut (Tar:5)
  8 curse skulls
  10 draconian shifters
  A broodmother (Zig:19)
  12 draconian annihilators
  18 angels (Pan)
  5 demonspawn corrupters
  14 ghouls
  3 spriggan defenders
  6 shard shrike simulacra
  A spectral caustic shrike (Tar:6)
  5 deep elf elementalists
  8 draconian stormcallers
  3 demonspawn blood saints (Pan)
  10 quicksilver oozes
  12 reapers
  45 very ugly things
  17 cacodemons
  4 orc warlords
  A quicksilver ooze (shapeshifter) (Vaults:5)
  2 juggernaut skeletons
  11 ironbound preservers
  39 war gargoyles
  24 elemental wellsprings
  14 apis (Pan)
  11 vampire knights
  2 stone giants (shapeshifter) (Zig:23)
  11 ophanim (Pan)
  13 demonspawn black suns
  Nessos (Orc:2)
  23 stone giants
  18 green draconians
  3 halazid warlocks (Tar:6)
  7 putrid mouths
  An eleionoma (shapeshifter) (Zig:23)
  10 deep elf demonologists
  A dire elephant (shapeshifter) (Zig:23)
  20 starcursed masses
  14 yellow draconians
  4 eleionomae
  9 white draconians
  5 ironbound thunderhulks
  11 purple draconians
  7 deep elf annihilators
  7 dire elephants
  A spectral titan (Tar:6)
  14 red draconians
  The ghost of H0rd4k the Basher, a journeyman HuAr of Gozag (Lair:2)
  14 black draconians
  2 minotaurs
  8 lorocyprocas
  10 bennus
  18 spark wasps
  9 bunyips
  15 wendigos
  25 eidola
  17 deep elf death magi
  10 blizzard demons
  Snorg (D:14)
  26 green deaths
  9 iron golems
  6 crystal guardians
  9 merfolk impalers
  The ghost of Kuidesed the Thaumaturge, a journeyman DrCj of Vehumet (Lair:1)
  12 entropy weavers
  6 ettins
  5 merfolk javelineers
  6 fire dragons
  12 shambling mangroves
  A spectral golden dragon (Tar:6)
  11 jiangshi
  25 mummy priests
  9 spriggan zombies
  14 yaktaur captains
  4 spectral spriggans
  2 quicksilver dragon skeletons
  A spectral iron giant (Tar:6)
  23 great orbs of eyes
  Josephine (Orc:1)
  5 hell beasts
  13 deep elf high priests
  25 vault guards
  8 rakshasas
  17 ice dragons
  7 spriggan air magi
  14 caustic shrike simulacra
  The ghost of Zippel the Covert, a journeyman SpAr of Dithmenos (Lair:4)
  16 salamander tyrants
  31 hydras
  4 jorogumos
  A peacekeeper (Vaults:2)
  7 ghost crabs
  A radroach (shapeshifter) (Elf:3)
  8 juggernaut simulacra
  A fenstrider witch skeleton (Crypt:2)
  2 spriggan skeletons
  9 ironbound frosthearts
  2 radroaches
  A catoblepas (Lair:4)
  3 alligator snapping turtles
  6 ogre magi
  A spectral stone giant (Tar:6)
  A two-headed ogre (shapeshifter) (Zig:23)
  5 merfolk avatars
  8 centaur warriors
  31 dancing weapons
  10 anacondas
  An ice dragon (shapeshifter) (Depths:3)
  7 alligators
  5 stokers
  7 boulder beetles
  5 merfolk aquamancers (Shoals:4)
  12 deep troll earth magi
  8 vampire magi
  22 death scarabs
  12 naga warriors
  9 two-headed ogres
  5 orc high priests
  5 tengu warriors
  8 deep troll shamans
  Urug (Orc:2)
  A death yak (Lair:4)
  2 spriggan berserkers (Depths:4)
  18 shock serpents
  24 soul eaters
  29 hell hogs
  13 thrashing horrors
  Nergalle (D:11)
  23 deep elf knights
  6 naga sharpshooters
  21 hell knights
  22 sixfirhies
  47 sun demons
  8 crystal echidnas
  2 skysharks (shapeshifter)
  A fire crab (Gauntlet)
  3 salamander mystics
  3 skysharks
  17 wretched stars
  8 spatial maelstroms
  A storm dragon skeleton (Depths:2)
  A titan skeleton (Pan)
  14 iron trolls
  An elf simulacrum (Coc:1)
  A goliath frog (Zig:21)
  3 quicksilver dragon simulacra
  5 pharaoh ants
  23 shadow wraiths
  A bunyip zombie (Crypt:2)
  A goliath frog (shapeshifter) (Depths:1)
  2 glowing orange brains (shapeshifter)
  A spark wasp zombie (Depths:1)
  6 spriggan druids
  2 spectral anacondas
  11 shadow demons
  20 death drakes
  17 swamp dragons
  11 cherubim (Pan)
  A golden dragon zombie (Hell)
  27 skeletal warriors
  13 sea snakes
  A flayed ghost (Depths:3)
  10 glowing orange brains
  58 deep trolls
  10 phantasmal warriors
  4 bog bodies
  6 orange crystal statues
  12 ironbound convokers
  9 lindwurms
  9 wizards
  9 harpies
  20 necromancers
  7 orb spiders
  A shadow dragon zombie (Hell)
  Pikel (D:4)
  4 spriggan simulacra
  11 naga ritualists
  5 obsidian statues
  7 mana vipers
  A sphinx zombie (Hell)
  An anaconda skeleton (Pan)
  11 deep elf archers
  A spectral hydra (Tar:6)
  A fenstrider witch simulacrum (Coc:1)
  6 orc knights
  2 iron dragon zombies
  4 steelbarb worms
  A bunyip skeleton (Pan)
  45 deep elf pyromancers
  38 deep elf zephyrmancers
  3 frost giant zombies (Hell)
  A worldbinder (Zig:24)
  A harpy (shapeshifter) (D:14)
  13 shining eyes
  5 orc sorcerers
  34 ugly things
  A shadow dragon skeleton (Tomb:1)
  13 cyclopes
  11 salamanders
  6 fauns
  A faun (shapeshifter) (Depths:1)
  6 stone giant zombies
  6 wolf spiders
  11 manticores
  18 moths of wrath
  5 will-o-the-wisps
  A salamander (shapeshifter) (Vaults:5)
  A centaur zombie (Crypt:2)
  17 elephants
  2 stone giant skeletons
  Maurice (Orc:1)
  25 black mambas
  A toenail golem (D:14)
  14 vault sentinels
  3 fire giant zombies
  2 rust devils (Pan)
  A fire giant skeleton (Crypt:3)
  11 merfolk sirens
  4 water nymphs
  13 demonic crawlers
  9 apocalypse crabs
  4 ice statues
  27 smoke demons
  A dire elephant zombie (Crypt:3)
  A naga zombie (Tomb:2)
  8 molten gargoyles (Geh:7)
  An eye of devastation (shapeshifter) (Zig:23)
  A storm dragon simulacrum (IceCv)
  13 eyes of devastation
  27 hellions
  21 orange demons (Pan)
  18 cane toads
  An emperor scorpion simulacrum (Coc:2)
  5 guardian serpents
  16 naga magi
  16 torpor snails
  3 centaur skeletons
  7 titan simulacra
  12 komodo dragons
  A catoblepas zombie (Crypt:2)
  22 yaktaurs
  17 tormentors
  An unseen horror (shapeshifter) (D:11)
  An unseen horror (D:12)
  4 bunyip simulacra
  An alligator snapping turtle skeleton (Crypt:3)
  7 efreet (Pan)
  A yaktaur (shapeshifter) (Zig:23)
  A rime drake (Gauntlet)
  7 ice devils
  6 tengu conjurers
  A death yak skeleton (Crypt:1)
  5 anaconda simulacra
  A queen bee (shapeshifter) (Vaults:5)
  A red draconian skeleton (Crypt:2)
  2 spectral harpies
  A white draconian skeleton (Crypt:1)
  32 guardian mummies
  A queen bee (Lair:2)
  15 trolls
  10 freezing wraiths
  An unseen horror skeleton (Crypt:2)
  7 golden dragon simulacra (IceCv)
  15 ancient zymes
  6 red devils
  2 shadow dragon simulacra
  3 iron giant simulacra
  7 hellwings
  2 tengu simulacra
  5 meliai
  A silent spectre (Tar:4)
  2 bloated husks (Zig:25)
  23 merfolk
  17 blink frogs
  6 wind drakes
  2 polar bears
  A merfolk (shapeshifter) (Zig:23)
  10 tyrant leeches
  A death drake skeleton (Crypt:3)
  5 tarantellas
  2 harpy skeletons
  A raiju (shapeshifter) (D:15)
  37 hornets
  18 raiju
  11 snapping turtles
  3 iron dragon simulacra
  18 dream sheep
  An ettin zombie (Vaults:4)
  4 stone giant simulacra
  Sigmund (D:5)
  97 slime creatures
  A jumping spider (Zig:10)
  45 large abominations
  3 culicivoras
  11 flying skulls
  A jumping spider (shapeshifter) (Elf:3)
  2 black mamba zombies (Crypt:2)
  An alligator skeleton (Crypt:2)
  17 water elementals
  16 air elementals
  2 shadows
  23 ynoxinuls
  An ettin skeleton (Crypt:2)
  7 wyverns
  An ice dragon skeleton (Tomb:1)
  4 spriggans
  5 vampires
  29 ushabtiu
  8 wraiths
  32 yaks
  A satyr skeleton (Crypt:3)
  6 fire elementals
  10 dire elephant simulacra
  A human (Lair:3)
  10 fire bats
  8 basilisks
  2 basilisks (shapeshifter)
  15 golden eyes
  11 redbacks
  13 chaos spawn
  30 neqoxecs
  3 steam dragons
  2 alligator snapping turtle simulacra
  Grum (D:8)
  16 vampire mosquitoes
  A warg (shapeshifter) (Zig:22)
  47 nagas
  A merfolk zombie (Crypt:1)
  6 wargs
  2 acid dragons
  19 harpy simulacra
  A hydra simulacrum (Coc:1)
  12 water moccasins
  A glowing shapeshifter skeleton (Depths:2)
  A meliai simulacrum (D:15)
  3 hell hounds
  3 floating eyes
  39 orc warriors
  A swamp drake (Zig:18)
  A deep troll skeleton (Crypt:2)
  A cane toad skeleton (Crypt:3)
  A black bear (D:6)
  2 naga skeletons (Crypt:3)
  4 ice beasts
  A swamp dragon zombie (Crypt:2)
  10 ettin simulacra
  6 ice dragon simulacra (IceCv)
  25 ogres
  A sky beast (D:6)
  2 boggarts (Depths:4)
  7 wolves
  A snapping turtle skeleton (Crypt:1)
  8 centaurs
  A manticore skeleton (Crypt:1)
  A lemure (D:4)
  A phantom (D:5)
  A bullfrog (shapeshifter) (Depths:2)
  11 bullfrogs
  3 necrophages
  3 scorpions
  A yaktaur skeleton (Crypt:3)
  A draconian skeleton (Crypt:1)
  5 earth elementals
  A water moccasin zombie (Crypt:1)
  5 naga simulacra
  An ogre simulacrum (Vaults:4)
  5 wights
  7 lindwurm simulacra (IceCv)
  31 killer bees
  2 howler monkeys
  2 electric eels (Lair:3)
  A small abomination (Abyss:2)
  A black bear zombie (Crypt:2)
  A hound (D:7)
  12 orc priests
  Crazy Yiuf (D:2)
  3 bullfrog skeletons
  2 iguanas (D:4)
  20 orc wizards
  A sleepcap (D:5)
  Terence (D:2)
  Natasha (thrice) (D:3)
  21 hell rats
  46 mummies
  6 adders
  15 gnolls
  5 shadow imps
  A white imp (D:7)
  3 dart slugs
  3 worms
  74 orcs
  6 endoplasms
  6 giant cockroaches
  8 hobgoblins
  2 jackals (D:1)
  6 kobolds
  6 quokkas
  4 ball pythons
  10 bats
  3 frilled lizards
  4 goblins
  An orc zombie (Crypt:2)
  11 rats
  A rat zombie (Crypt:3)
  6 ball lightnings (Pan)
  2 butterflies (Lair:5)
  12 creeping infernos
  54 fire vortices
  A lurking horror (Abyss:5)
  14 starspawn tentacles
4589 creatures vanquished.

Vanquished Creatures (collateral kills)
  A centaur warrior (D:13)
  2 two-headed ogres
  Sonja (D:12)
  A cyclops (D:12)
  Joseph (D:10)
  Maggie (D:8)
  A rime drake (D:10)
  3 trolls
  2 polar bears (D:10)
  A shadow (D:11)
  5 yaks
  2 wraiths
  4 vampire mosquitoes
  2 ice beasts (D:10)
  3 wolves
  2 centaurs (D:13)
  A gnoll sergeant (D:9)
  A wight (D:8)
  7 crimson imps (D:9)
  2 lava snakes (D:11)
  An orc priest (D:10)
  An orc wizard (D:7)
  A gnoll (D:9)
  2 white imps (D:9)
  2 orcs
  A goblin (D:2)
  A fire vortex (D:11)
52 creatures vanquished.

Vanquished Creatures (others)
  The ghost of raetorn the Black Belt, a veteran DsGl of Wu Jian (Zig:20)
  An iron giant (Zig:14)
  A shadow dragon (Zig:20)
  A ghost crab (Zig:20)
  A death drake (Zig:25)
  2 swamp dragons (Zig:25)
  A bog body (Zig:25)
  A deep elf zephyrmancer (Zig:22)
  A bloated husk (Zig:18)
  A hornet (Zig:25)
  An iron dragon simulacrum (Coc:1)
  4 humans (Lair:3)
  2 water elementals (Zig:22)
  A vampire mosquito (D:13)
  4 dancing weapons
  A fire vortex (D:11)
  9 starspawn tentacles
33 creatures vanquished.

Grand Total: 4674 creatures vanquished

Notes
Turn   | Place    | Note
-------+----------+-------------------------------------------
     0 | D:1      | glosham the Demonspawn Hedge Wizard began the quest for the
                  | Orb.
     0 | D:1      | Reached XP level 1. HP: 13/13 MP: 4/4
    58 | D:1      | HP: 1/13 [quokka (1)]
   143 | D:1      | Found a large runed translucent door.
   143 | D:1      | Found a large runed translucent door.
   285 | D:1      | Gained mutation: You regenerate magic rapidly. [demonic
                  | ancestry]
   285 | D:1      | Reached XP level 2. HP: 19/19 MP: 4/6
   288 | D:1      | Learned a level 2 spell: Blink
   519 | D:4      | Reached XP level 3. HP: 19/24 MP: 2/8
   551 | D:3      | Noticed Natasha
   598 | D:4      | Noticed a scorpion
   602 | D:4      | Killed a scorpion
   603 | D:4      | Reached XP level 4. HP: 23/30 MP: 9/11
   607 | D:4      | Learned a level 3 spell: Mephitic Cloud
   623 | D:4      | Noticed a lemure
   654 | D:4      | Killed a lemure
   691 | D:4      | Found a shimmering altar of Xom.
   945 | D:4      | Found a bloodstained altar of Trog.
  1040 | D:4      | Discovered your monstrous ancestry.
  1040 | D:4      | Gained mutation: You have large cloven feet. [demonic
                  | ancestry]
  1040 | D:4      | Reached XP level 5. HP: 20/35 MP: 9/13
  1071 | D:4      | Noticed a lemure
  1240 | D:5      | Entered Level 5 of the Dungeon
  1343 | D:5      | Noticed Sigmund
  1489 | D:5      | Killed Sigmund
  1490 | D:5      | Reached skill level 6 in Spellcasting
  1490 | D:5      | Reached XP level 6. HP: 34/41 MP: 12/15
  2235 | D:4      | Noticed Pikel
  2243 | D:4      | Killed Pikel
  2244 | D:4      | Gained mutation: You have a pair of small antennae on your
                  | head. [demonic ancestry]
  2244 | D:4      | Reached XP level 7. HP: 45/46 MP: 13/19
  2250 | D:4      | Learned a level 3 spell: Tukima's Dance
  2370 | D:6      | Reached skill level 9 in Spellcasting
  2370 | D:6      | Gained mutation: When hurt, damage is shared between your
                  | health and your magic reserves. [demonic ancestry]
  2370 | D:6      | Reached XP level 8. HP: 47/52 MP: 14/21
  2960 | D:6      | Found an iron altar of Okawaru.
  3203 | D:7      | Found an ancient bone altar of Kikubaaqudgha.
  3363 | D:7      | Noticed a hornet
  3468 | D:7      | Found a staircase to the Ecumenical Temple.
  3476 | Temple   | Entered the Ecumenical Temple
  3486 | Temple   | Became a worshipper of Cheibriados the Contemplative
  3543 | D:7      | Gained mutation: You have a small tail. [demonic ancestry]
  3543 | D:7      | Reached XP level 9. HP: 18/57 MP: 14/24
  3581 | D:7      | Learned a level 4 spell: Summon Lightning Spire
  4120 | D:3      | Found a blossoming altar of Fedhas.
  4146 | D:3      | Killed Natasha
  4181 | D:3      | Reached * piety under Cheibriados
  4214 | D:3      | Noticed Natasha
  4218 | D:3      | Killed Natasha
  4375 | D:3      | Noticed Natasha
  4385 | D:3      | Killed Natasha
  4674 | D:1      | Reached skill level 12 in Spellcasting
  4681 | D:1      | Reached ** piety under Cheibriados
  5008 | D:1      | Found a faded altar of an unknown god.
  5115 | D:2      | Noticed Terence
  5122 | D:2      | Killed Terence
  5172 | D:2      | Found a runed translucent door.
  5173 | D:2      | Noticed Crazy Yiuf
  5185 | D:2      | Killed Crazy Yiuf
  5351 | D:2      | Reached *** piety under Cheibriados
  5501 | D:8      | Learned a level 1 spell: Apportation
  5645 | D:8      | Noticed Maggie
  5664 | D:8      | Killed Maggie
  5967 | D:8      | Noticed Grum
  5982 | D:8      | Killed Grum
  5983 | D:8      | Gained mutation: You have a pair of antennae on your head.
                  | [demonic ancestry]
  5983 | D:8      | Reached XP level 10. HP: 63/63 MP: 25/27
  6109 | D:9      | Noticed a two-headed ogre
  6268 | D:9      | Reached **** piety under Cheibriados
  6456 | D:9      | Identified the ring "Leganaoc" {rF- rC+ Str+2 Dex+6}
  6537 | D:9      | Killed a two-headed ogre
  6563 | D:9      | Reached ***** piety under Cheibriados
  6650 | D:10     | Entered Level 10 of the Dungeon
  6688 | D:10     | Noticed Joseph
  6920 | D:10     | Found a staircase to the Lair.
  6982 | D:10     | Reached skill level 15 in Spellcasting
  7026 | D:10     | Killed Joseph
  7097 | D:10     | Gained mutation: Spells you cast may paralyse adjacent
                  | enemies. [demonic ancestry]
  7097 | D:10     | Reached XP level 11. HP: 44/68 MP: 20/30
  7218 | D:11     | Identified the +1 robe of Inaction {*Slow rF+ Dex+3}
  7253 | D:11     | Got the Compendium of Beckoning
  7301 | D:11     | Found a portal to a secret trove of treasure.
  7339 | D:11     | Noticed a two-headed ogre
  7347 | D:11     | Killed a two-headed ogre
  7579 | D:11     | Learned a level 3 spell: Vhi's Electric Charge
  7586 | D:11     | Learned a level 6 spell: Plasma Beam
  7591 | D:11     | Learned a level 4 spell: Airstrike
  7658 | D:11     | Reached skill level 1 in Air Magic
  7817 | D:11     | Noticed a two-headed ogre
  7818 | D:11     | Noticed Nergalle
  7830 | D:11     | Killed a two-headed ogre
  7838 | D:11     | Killed Nergalle
  7839 | D:11     | Reached skill level 3 in Air Magic
  7936 | D:11     | Reached skill level 1 in Fire Magic
  7974 | D:11     | Identified the +5 short sword "Quzoitaz" {pain, rElec rF+
                  | SInv}
  8028 | D:12     | Noticed Sonja
  8040 | D:12     | Reached skill level 3 in Fire Magic
  8047 | D:12     | Killed Sonja
  8089 | D:12     | Found a staircase to the Orcish Mines.
  8164 | D:12     | Noticed a red ugly thing
  8168 | D:12     | Killed a red ugly thing
  8200 | D:12     | Reached XP level 12. HP: 60/74 MP: 11/32
  8252 | D:12     | Reached ****** piety under Cheibriados
  8419 | D:12     | Learned a level 5 spell: Arcjolt
  8442 | D:13     | Found a blossoming altar of Fedhas.
  8449 | D:13     | Noticed a centaur warrior
  8449 | D:13     | Noticed a centaur warrior
  8451 | D:13     | Noticed Jorgrun
  8451 | D:13     | Noticed a centaur warrior
  8524 | D:13     | Noticed a boulder beetle
  8557 | D:13     | Killed a boulder beetle
  8558 | D:13     | Reached skill level 6 in Fire Magic
  8558 | D:13     | Reached skill level 6 in Air Magic
  8610 | D:13     | Killed a centaur warrior
  8659 | D:13     | Killed a centaur warrior
  8708 | D:13     | Killed Jorgrun
  8712 | D:13     | Killed a centaur warrior
  9007 | D:14     | Noticed Snorg
  9008 | D:14     | Killed Snorg
  9045 | D:14     | Found a gate to the Vaults.
  9190 | D:14     | Noticed a boulder beetle
  9192 | D:14     | Killed a boulder beetle
  9232 | D:14     | Gained mutation: You have a tail ending in a sharp stinger.
                  | [demonic ancestry]
  9232 | D:14     | Reached XP level 13. HP: 79/79 MP: 21/33
  9561 | D:15     | Entered Level 15 of the Dungeon
  9694 | D:15     | Reached skill level 9 in Fire Magic
  9694 | D:15     | Reached skill level 9 in Air Magic
  9927 | D:15     | Noticed Rupert
  9943 | D:15     | Paralysed by Rupert for 4 turns
  9947 | D:15     | Killed Rupert
 10132 | D:15     | Found a staircase to the Depths.
 10338 | Lair:1   | Entered Level 1 of the Lair of Beasts
 10652 | Lair:1   | Found a runed translucent door.
 10656 | Lair:1   | Noticed Kuidesed's ghost (journeyman DrCj)
 10661 | Lair:1   | Killed Kuidesed's ghost
 10906 | Lair:2   | Found a staircase to the Shoals.
 11046 | Lair:2   | Found a runed translucent door.
 11048 | Lair:2   | Noticed H0rd4k's ghost (journeyman HuAr)
 11057 | Lair:2   | Killed H0rd4k's ghost
 11194 | Lair:2   | Found a staircase to the Snake Pit.
 11204 | Lair:2   | Gained mutation: You have hoof-like feet. [demonic
                  | ancestry]
 11204 | Lair:2   | Reached XP level 14. HP: 85/85 MP: 27/34
 11445 | Lair:3   | Noticed Gastronok
 11449 | Lair:3   | Killed Gastronok
 11624 | Lair:3   | Noticed Kirke
 11625 | Lair:3   | Killed Kirke
 12065 | Lair:4   | Noticed Zippel's ghost (journeyman SpAr)
 12133 | Lair:4   | Reached skill level 12 in Air Magic
 12140 | Lair:4   | Found a viscous altar of Jiyva.
 12140 | Lair:4   | Found a staircase to the Slime Pits.
 12148 | Lair:4   | Reached skill level 12 in Fire Magic
 12174 | Lair:4   | Found a runed translucent gate.
 12174 | Lair:4   | Found a runed translucent gate.
 12174 | Lair:4   | Found a runed translucent gate.
 12236 | Lair:4   | Killed Zippel's ghost
 12639 | Lair:5   | Entered Level 5 of the Lair of Beasts
 12754 | Lair:5   | Reached XP level 15. HP: 90/90 MP: 25/35
 12764 | Lair:5   | Found a gate leading to a gauntlet.
 12776 | Gauntlet | Entered a Gauntlet
 12776 | Gauntlet | Found a transporter.
 12776 | Gauntlet | Found a transporter.
 12778 | Gauntlet | Found a transporter.
 12782 | Gauntlet | Found a transporter.
 12782 | Gauntlet | Found a transporter.
 12783 | Gauntlet | Found a transporter.
 12810 | Gauntlet | Found a runed translucent gate.
 12810 | Gauntlet | Found a runed translucent gate.
 12810 | Gauntlet | Found a runed translucent gate.
 12812 | Gauntlet | Found a transporter.
 12816 | Gauntlet | Found a transporter.
 12826 | Gauntlet | Found a transporter.
 12840 | Gauntlet | Found the ring of Shadows {Umbra +Inv Stlth+}
 12842 | Gauntlet | Found a transporter.
 12858 | Gauntlet | Found a transporter.
 12862 | Gauntlet | Found a transporter.
 12919 | Gauntlet | Identified the +1 pair of gloves of Sunlight {Will++ MP-9
                  | Stlth+}
 12990 | Gauntlet | Identified the +0 helmet "Buxkogga" {rC+ Str+2 Dex+3}
 13015 | Gauntlet | Identified the +1 short sword "Ceir" {freeze, MP+9}
 13263 | Lair:5   | Found a runed translucent door.
 13497 | Shoals:1 | Entered Level 1 of the Shoals
 13662 | Shoals:1 | Got the Verses on Cold
 13667 | Shoals:1 | Learned a level 3 spell: Ozocubu's Armour
 13708 | Shoals:1 | Identified the +1 helmet of the Battered Towns {rC+ rCorr
                  | Str+5 Int+3}
 14329 | Shoals:2 | Found a frozen archway.
 14338 | IceCv    | Entered an ice cave
 14382 | IceCv    | Reached skill level 15 in Fire Magic
 14382 | IceCv    | Reached skill level 15 in Air Magic
 14459 | IceCv    | Gained mutation: You have hooves in place of feet. [demonic
                  | ancestry]
 14459 | IceCv    | Reached XP level 16. HP: 92/96 MP: 10/36
 14575 | IceCv    | Noticed a golden dragon
 14584 | IceCv    | Killed a golden dragon
 14617 | IceCv    | Identified the ring "Foenad" {rCorr MP+9 Str-3 Int+5}
 14628 | IceCv    | Identified the ring of Midsummer {Will+ rCorr Str+4}
 15161 | Shoals:3 | Identified the +1 plate armour "Xaecuapuo" {Int+2}
 15196 | Shoals:3 | Learned a level 6 spell: Starburst
 15456 | Shoals:4 | Entered Level 4 of the Shoals
 15633 | Shoals:4 | Noticed Ilsuiw
 15873 | Shoals:4 | Got a barnacled rune of Zot
 15930 | Shoals:4 | Killed Ilsuiw
 16210 | Shoals:4 | Identified the ring "Bomob" {rElec SInv}
 16363 | Snake:1  | Entered Level 1 of the Snake Pit
 16377 | Snake:1  | Found Ninec's Jewellery Emporium.
 16382 | Snake:1  | Found Bily's Assorted Antiques.
 16382 | Snake:1  | Found Faaly's Antique Weapon Emporium.
 16385 | Snake:1  | Found Fymne's Distillery.
 16393 | Snake:1  | Bought a potion of brilliance for 64 gold pieces
 16393 | Snake:1  | Bought a potion of flight for 48 gold pieces
 16393 | Snake:1  | Bought a potion of heal wounds for 80 gold pieces
 16393 | Snake:1  | Bought a potion of curing for 48 gold pieces
 16393 | Snake:1  | Bought 2 potions of might for 128 gold pieces
 16396 | Snake:1  | Bought a potion of flight for 96 gold pieces
 16396 | Snake:1  | Bought a cabochon ring for 160 gold pieces
 16630 | Snake:1  | Found Abu Pynn's Weapon Boutique.
 17293 | Snake:2  | Gained mutation: When low on magic, you restore magic in
                  | place of health. [demonic ancestry]
 17293 | Snake:2  | Reached XP level 17. HP: 91/101 MP: 25/37
 17386 | Snake:2  | Reached skill level 18 in Fire Magic
 18144 | Snake:3  | Found the +10 morningstar "Eos" {elec, Halo rElec}
 18261 | Snake:3  | Found Feytyg's Jewellery Boutique.
 18612 | Snake:4  | Entered Level 4 of the Snake Pit
 18630 | Snake:4  | Noticed Asterion
 18633 | Snake:4  | Killed Asterion
 18720 | Snake:4  | Found Nextuf's Gadget Gallery.
 18839 | Snake:4  | Found Qeqeic's Antique Armour Shop.
 18853 | Snake:4  | Bought an opalescent robe for 256 gold pieces
 18853 | Snake:4  | Identified the +2 robe of Qazlal {Rampage *Slow Will+
                  | Stlth+} (You bought it in a shop on level 4 of the Snake
                  | Pit)
 18853 | Snake:4  | Bought a dazzling ring mail for 405 gold pieces
 18853 | Snake:4  | Identified the +1 ring mail of Melancholy {rElec rC+} (You
                  | bought it in a shop on level 4 of the Snake Pit)
 18935 | Snake:4  | Identified the +0 chain mail of Tein {rF+}
 19264 | Snake:4  | Noticed Vashnia
 19268 | Snake:4  | Killed Vashnia
 19370 | Snake:4  | Reached XP level 18. HP: 107/107 MP: 38/38
 19422 | Snake:4  | Got a serpentine rune of Zot
 19489 | Snake:4  | Bought a wand of digging (5) for 378 gold pieces
 19489 | Snake:4  | Bought a wand of iceblast (3) for 129 gold pieces
 19663 | Orc:1    | Entered Level 1 of the Orcish Mines
 19788 | Orc:2    | Entered Level 2 of the Orcish Mines
 19789 | Orc:2    | Noticed Donald
 19793 | Orc:2    | Killed Donald
 19801 | Orc:2    | Noticed Nessos
 19802 | Orc:2    | Reached skill level 1 in Invocations
 19803 | Orc:2    | Noticed Urug
 19805 | Orc:2    | Killed Nessos
 19805 | Orc:2    | Killed Urug
 19806 | Orc:2    | Reached skill level 1 in Fighting
 19854 | Orc:2    | Found a staircase to the Elven Halls.
 19988 | Orc:1    | Noticed Maurice
 19990 | Orc:1    | Killed Maurice
 19993 | Orc:1    | Noticed Josephine
 19994 | Orc:1    | Killed Josephine
 20261 | Orc:2    | Reached skill level 3 in Invocations
 20268 | Orc:2    | Reached skill level 3 in Dodging
 20322 | Orc:2    | Reached skill level 3 in Fighting
 20387 | Orc:2    | Found Ofan's Book Emporium.
 20397 | Orc:2    | Found Xoll's Magic Scroll Emporium.
 20406 | Orc:2    | Found Cogorchi's Weapon Shop.
 20415 | Orc:2    | Found Cunweys's Magic Scroll Shoppe.
 20430 | Orc:2    | Bought a scroll of enchant armour for 97 gold pieces
 20430 | Orc:2    | Bought a scroll of fear for 52 gold pieces
 20430 | Orc:2    | Bought a scroll of blinking for 97 gold pieces
 20445 | Orc:2    | Bought a scroll of enchant weapon for 105 gold pieces
 20495 | Elf:1    | Entered Level 1 of the Elven Halls
 20766 | Elf:1    | Reached skill level 6 in Invocations
 21141 | Elf:1    | Learned a level 2 spell: Sublimation of Blood
 21170 | Elf:2    | Reached skill level 1 in Necromancy
 21177 | Elf:2    | Found a runed translucent gate.
 21178 | Elf:2    | Found a runed translucent gate.
 21178 | Elf:2    | Found a runed translucent gate.
 21338 | Elf:2    | Reached skill level 6 in Fighting
 21338 | Elf:2    | Reached skill level 3 in Necromancy
 21419 | Elf:2    | Reached skill level 6 in Dodging
 21565 | Elf:2    | Gained mutation: You have a sharp stinger which inflicts
                  | weakening toxins. [demonic ancestry]
 21565 | Elf:2    | Reached XP level 19. HP: 130/130 MP: 35/39
 21738 | Elf:3    | Entered Level 3 of the Elven Halls
 21744 | Elf:3    | Reached skill level 9 in Invocations
 21762 | Elf:3    | Reached skill level 6 in Necromancy
 21792 | Elf:3    | Found Kisun's CLEARANCE SALE!.
 21796 | Elf:3    | Bought a potion of mutation for 56 gold pieces
 21796 | Elf:3    | Bought a scroll of enchant weapon for 52 gold pieces
 21937 | Elf:3    | Found Nyacu Syhu's Weapon Emporium.
 21939 | Elf:3    | Found Hukim's Book Shoppe.
 21941 | Elf:3    | Found Qiuz's Book Emporium.
 21949 | Elf:3    | Bought a book of Burglary for 220 gold pieces
 21952 | Elf:3    | Learned a level 2 spell: Passwall
 21954 | Elf:3    | Bought a book of the Moon for 640 gold pieces
 21959 | Elf:3    | Learned a level 4 spell: Passage of Golubria
 21969 | Elf:3    | Found Ebonog's Book Emporium.
 21976 | Elf:3    | Reached skill level 1 in Translocations
 22316 | Elf:3    | Reached skill level 3 in Translocations
 22329 | Elf:3    | Got the Quarto of the Shore
 22338 | Elf:3    | Reached skill level 1 in Ice Magic
 22369 | Elf:3    | Found the +2 pair of slick slippers {slick, slippery, EV+4}
 22379 | Elf:3    | Identified the +3 quarterstaff "Cophae" {drain, +Blink
                  | Int+3 Dex+3}
 22391 | Elf:3    | Identified the +7 quarterstaff of the Pits of Slime {flame,
                  | rElec rPois rC-}
 22412 | Elf:3    | Got Ugrulan's Atlas of Metal and the Wendigo
 22424 | Elf:3    | Identified the +0 leather armour of Misanthropy {-Tele
                  | Regen+ Str+10 Dex-5}
 22426 | Elf:3    | Got Girojog's Notes on Frostbite
 22630 | Orc:2    | Bought 6 silver javelins for 810 gold pieces
 22923 | Vaults:1 | Entered Level 1 of the Vaults
 22939 | Vaults:1 | Reached skill level 3 in Ice Magic
 23091 | Vaults:1 | Identified the +7 dire flail "Lusidoqo" {protect, rN+ Str-5
                  | Dex+3 SInv}
 23328 | Vaults:1 | Identified the ring "Archan" {Wiz rF- rC++ rCorr}
 23367 | Vaults:1 | Reached skill level 6 in Ice Magic
 23439 | Vaults:1 | Found a flickering gateway to a bazaar.
 23452 | Bazaar   | Entered a bazaar
 23452 | Bazaar   | Found Zuv Diall's Weapon Shop.
 23452 | Bazaar   | Found Jiwn's Jewellery Shop.
 23482 | Vaults:1 | Learned a level 7 spell: Ozocubu's Refrigeration
 23617 | Vaults:2 | Reached XP level 20. HP: 117/141 MP: 38/40
 23731 | Vaults:2 | Reached skill level 9 in Ice Magic
 23878 | Vaults:2 | Got the Handbook of Crystalline Shifting
 23905 | Vaults:2 | Reached skill level 1 in Earth Magic
 23978 | Vaults:2 | Reached skill level 3 in Earth Magic
 24455 | Vaults:3 | Found a magical portal.
 24513 | Vaults:3 | Found a staircase to the Crypt.
 24561 | WizLab   | Entered Lehudib's Moon Base
 24586 | WizLab   | Found a transporter.
 24613 | WizLab   | Reached skill level 12 in Ice Magic
 24855 | WizLab   | Gained mutation: Spells you cast may paralyse nearby
                  | enemies. [demonic ancestry]
 24855 | WizLab   | Reached XP level 21. HP: 120/146 MP: 41/41
 24907 | WizLab   | Found a transporter.
 25044 | WizLab   | Identified the staff of air "Pikkuam" {rElec Str+3}
 25047 | WizLab   | Identified the +2 halberd of the Holding Queen {protect,
                  | rElec Will- Stlth+}
 25267 | Vaults:5 | Entered Level 5 of the Vaults
 25267 | Vaults:5 | Noticed a golden dragon
 25284 | Vaults:5 | Noticed a dread lich
 25293 | Vaults:5 | Killed a dread lich
 25294 | Vaults:5 | Reached skill level 15 in Ice Magic
 25414 | Vaults:5 | Killed a golden dragon
 25634 | Vaults:5 | Got the Tractate on Support
 25697 | Vaults:5 | Identified the amulet "Tyenos" {Faith rC++}
 25724 | Vaults:5 | Gained mutation: Your hexes are more powerful. [demonic
                  | ancestry]
 25724 | Vaults:5 | Reached XP level 22. HP: 130/153 MP: 37/42
 25739 | Vaults:5 | Identified a scroll of acquirement
 25741 | Vaults:5 | Acquired 1237 gold pieces
 25763 | Vaults:5 | Noticed an ancient lich
 25779 | Vaults:5 | Noticed a golden dragon
 25782 | Vaults:5 | Killed a golden dragon
 25796 | Vaults:5 | Noticed a golden dragon
 25827 | Vaults:5 | Reached skill level 18 in Ice Magic
 25837 | Vaults:5 | Learned a level 9 spell: Polar Vortex
 25840 | Vaults:5 | Killed an ancient lich
 25858 | Vaults:5 | Identified the staff of fire "Enkoteun" {rF+ Dex+8}
 25882 | Vaults:5 | Noticed an ancient lich
 25891 | Vaults:5 | Killed an ancient lich
 25903 | Vaults:5 | Killed a golden dragon
 25966 | Vaults:5 | Identified the +7 hand axe of Resourcefulness {freeze,
                  | rElec rF+ Will+}
 26052 | Vaults:5 | Got a silver rune of Zot
 26167 | Vaults:5 | Got Imaocw's Excursus on Fetid Metamorphosis
 26326 | Crypt:1  | Entered Level 1 of the Crypt
 26365 | Crypt:1  | Noticed a dread lich
 26368 | Crypt:1  | Killed a dread lich
 26756 | Crypt:1  | Acquired the staff of cold "Unuf" {rC+ rN+ Will++ Dex-4}
 26858 | Crypt:2  | Acquired a staff of death
 26875 | Crypt:2  | Identified the +3 sling of the Crafting Gods {drain, rElec
                  | rPois Int-3 Stlth+}
 26982 | Crypt:3  | Entered Level 3 of the Crypt
 27045 | Crypt:3  | Gained mutation: Your melee attacks may debilitate your
                  | foes. [demonic ancestry]
 27045 | Crypt:3  | Reached XP level 23. HP: 63/158 MP: 43/43
 27061 | Crypt:3  | Reached skill level 21 in Ice Magic
 27115 | Crypt:3  | Found a basalt altar of Yredelemnul.
 27216 | Crypt:3  | Found a staircase to the Tomb.
 27220 | Tomb:1   | Entered Level 1 of the Tomb of the Ancients
 27446 | Tomb:1   | Noticed a royal mummy
 27506 | Tomb:1   | Killed a royal mummy
 27523 | Tomb:1   | Noticed a royal mummy
 27527 | Tomb:1   | Killed a royal mummy
 27595 | Tomb:1   | Noticed a royal mummy
 27609 | Tomb:1   | Killed a royal mummy
 27723 | Crypt:1  | Found a basalt altar of Yredelemnul.
 27836 | Crypt:3  | Noticed an ancient lich
 27846 | Crypt:3  | Killed an ancient lich
 27847 | Crypt:3  | Reached skill level 18 in Spellcasting
 27867 | Crypt:3  | Found an ancient bone altar of Kikubaaqudgha.
 27867 | Crypt:3  | Found a basalt altar of Yredelemnul.
 27875 | Crypt:3  | Identified the ring of Kejoad {rPois rN+ Str+2}
 27876 | Crypt:3  | Identified the ring "Guoturr" {Drain Fly rN+ rCorr SInv}
 27880 | Crypt:3  | Identified the +9 plate armour of Vucuj {Int+3}
 27882 | Crypt:3  | Got Kikubaaqudgha's Almanac of Gloom
 27894 | Crypt:3  | Identified the +2 dire flail "Diterhisk" {antimagic, Fly
                  | Will++ rCorr Stlth+}
 28121 | Crypt:2  | Reached skill level 9 in Fighting
 28402 | Depths:1 | Entered Level 1 of the Depths
 28413 | Depths:1 | Noticed a juggernaut
 28421 | Depths:1 | Killed a juggernaut
 28466 | Depths:1 | Reached skill level 12 in Fighting
 28583 | Depths:1 | Noticed a caustic shrike
 28586 | Depths:1 | Killed a caustic shrike
 28587 | Depths:1 | Gained mutation: You have a pair of large antennae on your
                  | head. (SInv) [demonic ancestry]
 28587 | Depths:1 | Reached XP level 24. HP: 154/185 MP: 45/45
 28654 | Depths:1 | Reached skill level 15 in Fighting
 28711 | Depths:1 | Found a one-way gate leading to the halls of Pandemonium.
 28761 | Depths:1 | Found a gateway to Hell.
 28796 | Depths:1 | Found an ornate altar of the Wu Jian Council.
 28865 | Depths:1 | Identified the +8 war axe "Ogreslayer" {heavy, SInv}
 28866 | Depths:1 | Found Benanut's Armour Shoppe.
 29083 | Depths:2 | Reached skill level 12 in Invocations
 29267 | Depths:2 | Found the +2 hood of the Assassin {Detect Stab+ Stlth++}
 29267 | Depths:2 | Found the +2 cloak of the Thief {*Fog Slay-2 SInv Stlth+}
 29275 | Depths:2 | Found a shadowy altar of Dithmenos.
 29453 | Depths:3 | Noticed Xtahua
 29456 | Depths:3 | Killed Xtahua
 29589 | Depths:3 | Found a one-way gate to the infinite horrors of the Abyss.
 29890 | Depths:3 | Found a runed translucent door.
 29919 | Depths:3 | Learned a level 8 spell: Ignition
 29950 | Depths:3 | Got the Treatise on Noxious Anathema
 30069 | Depths:3 | Identified the +1 short sword "Puhec" {pain, *Rage +Blink
                  | rN+ Str+3 Dex-3}
 30111 | Depths:4 | Entered Level 4 of the Depths
 30283 | Depths:4 | Found a one-way gateway to a ziggurat.
 30308 | Depths:4 | Gained mutation: Spells you cast and wands you use may
                  | paralyse nearby enemies. [demonic ancestry]
 30308 | Depths:4 | Reached XP level 25. HP: 182/196 MP: 21/47
 30578 | Depths:4 | Found a broken altar of Ashenzari.
 30633 | Depths:4 | Found a gate to the Realm of Zot.
 30769 | Zot:1    | Entered Level 1 of the Realm of Zot
 30780 | Zot:1    | Reached skill level 21 in Spellcasting
 31184 | Zot:5    | Entered Level 5 of the Realm of Zot
 31607 | Zot:5    | Noticed an orb of fire
 31612 | Zot:5    | Killed an orb of fire
 31614 | Zot:5    | Noticed a Killer Klown
 31621 | Zot:5    | Killed a Killer Klown
 31621 | Zot:5    | Noticed a Killer Klown
 31636 | Zot:5    | Killed a Killer Klown
 31658 | Zot:5    | Noticed an ancient lich
 31662 | Zot:5    | Killed an ancient lich
 31663 | Zot:5    | Gained mutation: You are surrounded by an aura of silence.
                  | [demonic ancestry]
 31663 | Zot:5    | Reached XP level 26. HP: 173/203 MP: 46/50
 31685 | Zot:5    | Noticed an orb of fire
 31946 | Zot:4    | Reached skill level 24 in Spellcasting
 32333 | Zig:1    | Entered Level 1 of a ziggurat
 32344 | Zig:2    | Entered Level 2 of a ziggurat
 32361 | Zig:3    | Entered Level 3 of a ziggurat
 32384 | Zig:3    | Identified the ring of Saexukh {Will+ rCorr Str+3}
 32402 | Zig:4    | Entered Level 4 of a ziggurat
 32409 | Zig:4    | Identified the ring "Adadug" {Ice rN+ Will- MP+9 Dex+2}
 32413 | Zig:5    | Entered Level 5 of a ziggurat
 32419 | Zig:5    | Noticed Fioblooz the pandemonium lord
 32424 | Zig:5    | Killed Fioblooz the pandemonium lord
 32444 | Zig:6    | Entered Level 6 of a ziggurat
 32458 | Zig:6    | Identified the staff of poison "Cosoa" {Fragile rPois rF+
                  | rC+}
 32459 | Zig:6    | Identified the staff of cold "Ybimae" {rC+ rCorr Str+4
                  | SInv}
 32467 | Zig:7    | Entered Level 7 of a ziggurat
 32472 | Zig:7    | Identified the staff of fire "Ytaqaiqu" {rF+ Int+3 Stlth+}
 32502 | Zig:7    | Acquired a book of Death
 32504 | Zig:7    | Acquired a book of Flames
 32507 | Zig:8    | Entered Level 8 of a ziggurat
 32514 | Zig:8    | Found the ring of the Octopus King
 32523 | Zig:8    | Identified the staff of death "Esescheu" {rN+ rCorr Int-4
                  | SInv Stlth+}
 32530 | Zig:8    | Reached XP level 27. HP: 145/210 MP: 52/52
 32534 | Zig:8    | Identified a ring of the Octopus King {rC+ HP+2 AC+2 EV+2
                  | SH+2}
 32557 | Zig:9    | Entered Level 9 of a ziggurat
 32566 | Zig:9    | Found the +3 pair of mountain boots {steadfast, rC+}
 32570 | Zig:9    | HP: 9/210 [Hell Sentinel/damnation (25)]
 32585 | Zig:9    | Identified the +3 flail "Qiluott" {flame, Fly rN+ Will+++
                  | Int-5}
 32586 | Zig:9    | Identified the +1 pair of gloves "Ededec" {MP+9 Str+3
                  | Int+4}
 32587 | Zig:9    | Identified the ring of the Imbibing Gods {Will+ Str+3
                  | Dex+3}
 32591 | Zig:10   | Entered Level 10 of a ziggurat
 32690 | Zig:10   | Identified the staff of conjuration "Sekaydyf" {rF+ Int+4
                  | Dex-2}
 32693 | Zig:11   | Entered Level 11 of a ziggurat
 32704 | Zig:11   | Noticed a juggernaut
 32704 | Zig:11   | Found the +7 captain's cutlass {speed, disarm}
 32707 | Zig:11   | Killed a juggernaut
 32718 | Zig:11   | Got the Guide on the Displaced Sky
 32723 | Zig:12   | Entered Level 12 of a ziggurat
 32741 | Zig:12   | Identified the staff of air "Quar" {rElec rF+ Will+}
 32747 | Zig:12   | Identified the +8 plate armour of Mygrex {rN++ Will++
                  | Slay-2}
 32779 | Zig:13   | Entered Level 13 of a ziggurat
 32789 | Zig:13   | Found the +3 greatsling "Punk" {acid, rCorr}
 32801 | Zig:13   | Identified the staff of fire "Emiura" {rF+ rCorr Int+4
                  | Dex-3}
 32836 | Zig:14   | Entered Level 14 of a ziggurat
 32849 | Zig:14   | Noticed an ancient lich
 32858 | Zig:14   | Found the +3 giant club "Skullcrusher" {speed, Str+7}
 32863 | Zig:15   | Entered Level 15 of a ziggurat
 32898 | Zig:15   | Reached skill level 27 in Spellcasting
 32898 | Zig:15   | Noticed Hegex the pandemonium lord
 32902 | Zig:15   | Found the +4 robe of Folly {Brill Will-∞ Int+8}
 32905 | Zig:16   | Entered Level 16 of a ziggurat
 32949 | Zig:16   | Reached skill level 6 in Earth Magic
 32979 | Zig:16   | Identified the amulet "Tuatwucs" {Faith Int+7}
 32983 | Zig:16   | Identified the staff of earth "Vumongi" {Will+}
 32986 | Zig:16   | Identified the +6 hand axe "Poheruab" {venom, +Blink Dex+5}
 32987 | Zig:16   | Got the Papyrus of Variable Algor
 32992 | Zig:17   | Entered Level 17 of a ziggurat
 33009 | Zig:17   | Reached skill level 9 in Earth Magic
 33014 | Zig:17   | Identified the staff of poison "Lurarra" {rPois rN+ Will+}
 33029 | Zig:17   | Identified the +0 leather armour of the Poles {MP+9}
 33033 | Zig:18   | Entered Level 18 of a ziggurat
 33043 | Zig:18   | Found the +8 storm bow {elec, penet}
 33044 | Zig:18   | Found the ring of the Hare {EV+10}
 33055 | Zig:18   | Identified the ring "Vinygh" {Will+ Int+6}
 33086 | Zig:18   | Learned a level 9 spell: Shatter
 33087 | Zig:19   | Entered Level 19 of a ziggurat
 33092 | Zig:19   | Reached skill level 12 in Earth Magic
 33142 | Zig:19   | Identified the ring "Zuufiusa" {Ice Fly rElec rCorr Int-5}
 33143 | Zig:19   | Identified the +7 demon trident of the Gloaming {freeze,
                  | *Rage Int+2 Stlth+}
 33149 | Zig:20   | Entered Level 20 of a ziggurat
 33154 | Zig:20   | Noticed Hacvoq's ghost (legendary HOFi)
 33154 | Zig:20   | Noticed melllvar's ghost (legendary MiBe)
 33154 | Zig:20   | Noticed TuffENuff's ghost (legendary FoFi)
 33154 | Zig:20   | Noticed Teaz Xo Upt's ghost (legendary GnFE)
 33154 | Zig:20   | Noticed Ycuhohed's ghost (veteran TeBe)
 33154 | Zig:20   | Noticed Janeylunn's ghost (veteran GnWn)
 33155 | Zig:20   | Noticed Diezoyro's ghost (legendary DDNe)
 33155 | Zig:20   | Noticed EXPLOSION's ghost (veteran HOFi)
 33155 | Zig:20   | Noticed Dameikh's ghost (veteran FoFi)
 33157 | Zig:20   | Noticed Nicoed's ghost (legendary MiFi)
 33163 | Zig:20   | Noticed raetorn's ghost (veteran DsGl)
 33163 | Zig:20   | Noticed raetorn's ghost (legendary DrCj)
 33164 | Zig:20   | Killed Dameikh's ghost
 33164 | Zig:20   | Killed Ycuhohed's ghost
 33164 | Zig:20   | Killed Teaz Xo Upt's ghost
 33165 | Zig:20   | Reached skill level 15 in Earth Magic
 33168 | Zig:20   | Found the +3 pair of seven-league boots {Rampage+∞}
 33168 | Zig:20   | Found the +8 whip "Snakebite" {venom, curare, rPois}
 33169 | Zig:20   | Killed raetorn's ghost
 33171 | Zig:20   | Found the +8 longbow "Zephyr" {speed, Dex+3 SInv}
 33177 | Zig:20   | Identified the ring "Pyqi" {rC+ SInv}
 33193 | Zig:21   | Entered Level 21 of a ziggurat
 33194 | Zig:21   | Acquired Ereshkigal's Writings on Battle Magic and the
                  | Damned
 33205 | Zig:21   | Learned a level 8 spell: Necromutation
 33208 | Zig:21   | Reached skill level 1 in Transmutations
 33228 | Zig:21   | Reached skill level 3 in Transmutations
 33242 | Zig:21   | Reached skill level 6 in Transmutations
 33288 | Zig:21   | Identified the +8 great mace "Saptu" {venom, rElec Int+3
                  | Dex+2}
 33292 | Zig:21   | Identified the staff of earth "Doit" {rF+ rC+ MP+9}
 33295 | Zig:21   | Identified the staff of poison "Exigus" {rPois Str+3}
 33296 | Zig:21   | Identified the ring of Cism {rF+ rC- Str+5 Dex+3}
 33297 | Zig:21   | Identified the ring "Sinon" {rC+ Slay+4}
 33304 | Zig:21   | Identified the ring of Ceoxtech {rPois rCorr Str-4 Int+4
                  | SInv}
 33309 | Zig:21   | Identified the +1 short sword "Ohewamih" {heavy, *Rage rF+
                  | Will+ Int+2}
 33312 | Zig:21   | Acquired the Book of Grounded Changes
 33318 | Zig:22   | Entered Level 22 of a ziggurat
 33331 | Zig:22   | Reached skill level 9 in Necromancy
 33356 | Zig:22   | Identified the +6 quick blade of Corruption {drain, rElec
                  | rC- Dex+4}
 33359 | Zig:22   | Identified the +3 pair of gloves of Midsummer {-Tele Str+5}
 33361 | Zig:22   | Identified the ring "Sasyach" {+Blink rF- rC+++ rCorr AC+4}
 33364 | Zig:22   | Identified the amulet of the Country {Regen+ rCorr}
 33365 | Zig:22   | Identified the staff of death "Cebif" {rN+ Int+2}
 33371 | Zig:22   | Identified the +5 halberd of Woifag {venom, Contam rPois
                  | rF+++ rN++}
 33372 | Zig:22   | Identified the +8 plate armour of the Ecumenical Temple
                  | {rPois rCorr Int+3}
 33385 | Zig:22   | Learned a level 9 spell: Death's Door
 33386 | Zig:23   | Entered Level 23 of a ziggurat
 33390 | Zig:23   | Noticed Waukhuj the pandemonium lord
 33390 | Zig:23   | Noticed Vacs the pandemonium lord
 33390 | Zig:23   | Noticed Disuptom the pandemonium lord
 33390 | Zig:23   | Noticed Miatethruhe the pandemonium lord
 33390 | Zig:23   | Noticed Bausotee the pandemonium lord
 33390 | Zig:23   | Noticed Wast the pandemonium lord
 33390 | Zig:23   | Noticed Hahinit the pandemonium lord
 33390 | Zig:23   | Noticed Napharr the pandemonium lord
 33390 | Zig:23   | Noticed Apeaf the pandemonium lord
 33391 | Zig:23   | Noticed Xubrutygg the pandemonium lord
 33397 | Zig:23   | Killed Napharr the pandemonium lord
 33398 | Zig:23   | Noticed Enecenga the pandemonium lord
 33403 | Zig:23   | Noticed Yjicwutz the pandemonium lord
 33403 | Zig:23   | Noticed Beeg Xury the pandemonium lord
 33404 | Zig:23   | Found the +8 trishula "Condemnation" {holy, anguish, *Noise
                  | Fly rN+}
 33404 | Zig:23   | Found the +11 plutonium sword {Contam Stlth-}
 33405 | Zig:23   | Killed Bausotee the pandemonium lord
 33406 | Zig:23   | Reached skill level 12 in Necromancy
 33407 | Zig:23   | Killed Vacs the pandemonium lord
 33407 | Zig:23   | Killed Yjicwutz the pandemonium lord
 33408 | Zig:23   | Killed Disuptom the pandemonium lord
 33409 | Zig:23   | Killed Miatethruhe the pandemonium lord
 33411 | Zig:23   | Killed Beeg Xury the pandemonium lord
 33412 | Zig:23   | Killed Hahinit the pandemonium lord
 33413 | Zig:23   | Reached skill level 15 in Necromancy
 33413 | Zig:23   | Killed Apeaf the pandemonium lord
 33436 | Zig:23   | Killed Wast the pandemonium lord
 33443 | Zig:23   | Killed Waukhuj the pandemonium lord
 33446 | Zig:23   | Killed Enecenga the pandemonium lord
 33466 | Zig:23   | Killed Xubrutygg the pandemonium lord
 33517 | Zig:23   | Identified the staff of poison "Kofeugox" {rPois rF+ Str-5
                  | Int+7 Dex+2}
 33523 | Zig:23   | Identified the staff of air "Vodizy" {rElec rF+}
 33527 | Zig:23   | Identified the ring of Nemnoeng {+Blink rF- rCorr Str+4
                  | SInv}
 33533 | Zig:23   | Identified the +1 whip of Doubt {freeze, rElec MP+9 Int+3}
 33535 | Zig:23   | Reached skill level 18 in Necromancy
 33537 | Zig:23   | Got Benet's Monograph on the Flock
 33544 | Zig:24   | Entered Level 24 of a ziggurat
 33671 | Zig:24   | Identified the ring "Zacefen" {rF- Str+5 Dex+6}
 33676 | Zig:24   | Reached skill level 21 in Necromancy
 33678 | Zig:24   | Acquired the +0 pair of gloves of Uskayaw's Esteem {rElec
                  | rC+ rN+ Regen+}
 33692 | Zig:25   | Entered Level 25 of a ziggurat
 33706 | Zig:25   | Reached skill level 9 in Dodging
 33742 | Zig:25   | Identified the +8 sling "Nonijap" {speed, rCorr Str-3 Int+3
                  | Dex+4}
 33754 | Zig:25   | Identified the staff of earth "Jiesh" {Fly rF+}
 33755 | Zig:25   | Identified the staff of cold "Biom Ruv" {rPois rC+ Str+3}
 33773 | Zig:25   | Learned a level 8 spell: Lehudib's Crystal Spear
 33774 | Zig:26   | Entered Level 26 of a ziggurat
 33786 | Zig:26   | Reached skill level 12 in Dodging
 33807 | Zig:26   | Reached skill level 3 in Conjurations
 33844 | Zig:26   | Found the +9 staff of Olgreb {rPois∞}
 33844 | Zig:26   | Found the +3 warlock's mirror {omnireflect}
 33853 | Zig:26   | Identified the staff of air "Juuthi" {rElec rN+ Stlth+}
 33857 | Zig:26   | Identified the staff of air "Guzef" {rElec rPois Str-4
                  | Dex+4 SInv}
 33863 | Zig:26   | Identified the +0 leather armour of Beyond {Drain rCorr
                  | Str+3}
 33864 | Zig:26   | Identified the +1 robe of Tiar {rC+}
 33883 | Zig:27   | Entered Level 27 of a ziggurat
 33894 | Zig:27   | Reached skill level 6 in Conjurations
 33939 | Zig:27   | Identified the staff of death "Utuumoj" {rN+ Will+ Int+4
                  | SInv Stlth-}
 33941 | Zig:27   | Identified the staff of death "Houtairu" {rPois rN+ Will+
                  | Int+4}
 33945 | Zig:27   | Identified the staff of cold "Pahar" {rF+ rC+ Will- Str+3
                  | SInv}
 33950 | Zig:27   | Identified the +6 dagger of the Doomed Warrior {drain, rC+
                  | Will+}
 33951 | Zig:27   | Identified the +3 ring mail of Objectivity {rCorr Str+2}
 33954 | Zig:27   | Reached skill level 18 in Earth Magic
 33989 | Hell     | Entered the Vestibule of Hell
 33989 | Hell     | Noticed Geryon
 33991 | Hell     | Noticed Murray
 33993 | Hell     | Killed Murray
 33996 | Hell     | Killed Geryon
 34083 | Hell     | Found a gateway to the ashen valley of Gehenna.
 34128 | Hell     | Found a gateway to the decaying netherworld of Tartarus.
 34152 | Hell     | Found a gateway to the Iron City of Dis.
 34160 | Hell     | Found a gateway to the freezing wastes of Cocytus.
 34200 | Coc:1    | Entered Level 1 of Cocytus
 34212 | Coc:1    | Noticed a dread lich
 34214 | Coc:1    | Killed a dread lich
 34295 | Coc:2    | Noticed an ancient lich
 34299 | Coc:2    | Killed an ancient lich
 34410 | Coc:4    | Reached skill level 15 in Invocations
 34465 | Coc:5    | Reached skill level 15 in Dodging
 34500 | Coc:5    | Paralysed by a wendigo for 1 turns
 34583 | Coc:7    | Entered Level 7 of Cocytus
 34599 | Coc:7    | Reached skill level 18 in Fighting
 34659 | Coc:7    | Noticed an ancient lich
 34662 | Coc:7    | Killed an ancient lich
 34695 | Coc:7    | Noticed the Serpent of Hell
 34705 | Coc:7    | Killed the Serpent of Hell
 34910 | Coc:7    | Identified the ring "Eppucysi" {rF+ rC+ Str+3 Stlth+}
 34945 | Coc:7    | Identified the +5 rapier "Beetlebane" {flame, Str+2 Dex+4}
 34945 | Coc:7    | Noticed Antaeus
 35029 | Coc:7    | Got an icy rune of Zot
 35039 | Coc:7    | Killed Antaeus
 35042 | Coc:7    | Identified the +1 dagger of Quohi {flame, rF+ rC+ Dex-4}
 35094 | Geh:1    | Entered Level 1 of Gehenna
 35105 | Geh:1    | Reached skill level 18 in Dodging
 35240 | Geh:4    | Noticed an ancient lich
 35241 | Geh:4    | Killed an ancient lich
 35308 | Geh:5    | Reached skill level 21 in Fighting
 35400 | Geh:7    | Entered Level 7 of Gehenna
 35788 | Geh:7    | Identified the staff of fire "Xotemolixt" {Fragile rPois
                  | rF+ rC++ Str+2}
 35864 | Geh:7    | Found the +13 sceptre of Asmodeus
 35864 | Geh:7    | Noticed Asmodeus
 35872 | Geh:7    | Found the +7 Spriggan's Knife {stab, EV+4 Stlth+}
 35880 | Geh:7    | Killed Asmodeus
 35884 | Geh:7    | Got an obsidian rune of Zot
 35961 | Dis:1    | Entered Level 1 of the Iron City of Dis
 36142 | Dis:6    | Noticed a dread lich
 36143 | Dis:6    | Killed a dread lich
 36157 | Dis:7    | Entered Level 7 of the Iron City of Dis
 36176 | Dis:7    | Noticed a juggernaut
 36183 | Dis:7    | Killed a juggernaut
 36264 | Dis:7    | Reached skill level 21 in Earth Magic
 36298 | Dis:7    | Noticed a juggernaut
 36302 | Dis:7    | Killed a juggernaut
 36387 | Dis:7    | Identified the +1 dagger of Lycinn {speed, MP+9}
 36412 | Dis:7    | Noticed a juggernaut
 36415 | Dis:7    | Killed a juggernaut
 36601 | Dis:7    | Identified the staff of cold "Heggukea" {rElec rF+ rC+
                  | Int+3 Dex+3}
 36602 | Dis:7    | Identified the staff of cold "Wahesk" {rC+ rN+}
 36603 | Dis:7    | Identified the +8 dagger of Urahec {heavy, rCorr}
 36649 | Dis:7    | Reached skill level 21 in Dodging
 36652 | Dis:7    | Identified the +10 great sword of Fatuogup {freeze, rElec
                  | Dex+2}
 36652 | Dis:7    | Identified the ring of Pixeb {Will- rCorr Int-3 Dex+6 SInv}
 36706 | Dis:7    | Noticed Dispater
 36741 | Dis:7    | Killed Dispater
 36752 | Dis:7    | Got an iron rune of Zot
 36813 | Depths:3 | Voluntarily entered the Abyss.
 36967 | Abyss:5  | Got an abyssal rune of Zot
 36999 | Depths:3 | Escaped the Abyss
 37134 | Vaults:1 | You fall into a shaft and drop 1 floor!
 37238 | Tomb:1   | Noticed a royal mummy
 37239 | Tomb:1   | Noticed a royal mummy
 37239 | Tomb:1   | Noticed a royal mummy
 37241 | Tomb:1   | Killed a royal mummy
 37241 | Tomb:1   | Killed a royal mummy
 37242 | Tomb:1   | Killed a royal mummy
 37242 | Tomb:1   | Noticed a royal mummy
 37244 | Tomb:1   | Killed a royal mummy
 37244 | Tomb:1   | Noticed a royal mummy
 37244 | Tomb:1   | Noticed a royal mummy
 37246 | Tomb:1   | Noticed a royal mummy
 37247 | Tomb:1   | Killed a royal mummy
 37247 | Tomb:1   | Killed a royal mummy
 37247 | Tomb:1   | Noticed a royal mummy
 37248 | Tomb:1   | Noticed a royal mummy
 37249 | Tomb:1   | Killed a royal mummy
 37250 | Tomb:1   | Killed a royal mummy
 37251 | Tomb:1   | Killed a royal mummy
 37252 | Tomb:1   | Noticed a royal mummy
 37253 | Tomb:1   | Noticed a royal mummy
 37258 | Tomb:1   | Killed a royal mummy
 37258 | Tomb:1   | Noticed a royal mummy
 37259 | Tomb:1   | Killed a royal mummy
 37261 | Tomb:1   | Killed a royal mummy
 37263 | Tomb:1   | Noticed a royal mummy
 37265 | Tomb:1   | Killed a royal mummy
 37278 | Tomb:1   | Noticed a royal mummy
 37278 | Tomb:1   | Noticed a royal mummy
 37280 | Tomb:1   | Killed a royal mummy
 37281 | Tomb:1   | Killed a royal mummy
 37281 | Tomb:1   | Noticed a royal mummy
 37281 | Tomb:1   | Noticed a royal mummy
 37283 | Tomb:1   | Killed a royal mummy
 37283 | Tomb:1   | Killed a royal mummy
 37293 | Tomb:2   | Noticed a royal mummy
 37293 | Tomb:2   | Noticed a royal mummy
 37295 | Tomb:2   | Noticed a royal mummy
 37295 | Tomb:2   | Noticed a royal mummy
 37295 | Tomb:2   | Noticed a royal mummy
 37296 | Tomb:2   | Killed a royal mummy
 37297 | Tomb:2   | Killed a royal mummy
 37297 | Tomb:2   | Killed a royal mummy
 37298 | Tomb:2   | Killed a royal mummy
 37298 | Tomb:2   | Killed a royal mummy
 37299 | Tomb:2   | Reached skill level 24 in Fighting
 37375 | Tomb:3   | Entered Level 3 of the Tomb of the Ancients
 37384 | Tomb:3   | Found the +8 arc blade {discharge, rElec}
 37389 | Tomb:3   | Noticed a royal mummy
 37391 | Tomb:3   | Killed a royal mummy
 37391 | Tomb:3   | Noticed a royal mummy
 37391 | Tomb:3   | Noticed a royal mummy
 37391 | Tomb:3   | Noticed a royal mummy
 37392 | Tomb:3   | Noticed a royal mummy
 37393 | Tomb:3   | Noticed a royal mummy
 37395 | Tomb:3   | Killed a royal mummy
 37395 | Tomb:3   | Noticed a royal mummy
 37396 | Tomb:3   | Killed a royal mummy
 37396 | Tomb:3   | Killed a royal mummy
 37396 | Tomb:3   | Killed a royal mummy
 37396 | Tomb:3   | Killed a royal mummy
 37396 | Tomb:3   | Noticed a royal mummy
 37397 | Tomb:3   | Killed a royal mummy
 37398 | Tomb:3   | Killed a royal mummy
 37401 | Tomb:3   | Noticed a royal mummy
 37411 | Tomb:3   | Killed a royal mummy
 37458 | Tomb:3   | Identified the staff of earth "Asiahe" {rElec}
 37477 | Tomb:3   | Got a golden rune of Zot
 37481 | Tomb:3   | Identified the staff of death "Wungop" {rN+ Dex+5}
 37484 | Tomb:3   | Identified the ring of Ecveggiffe {Will+ Str+2 Int+6}
 37485 | Tomb:3   | Identified the staff of poison "Zoxie" {rPois rC++ Will-
                  | Int+3}
 37488 | Tomb:3   | Identified the +2 morningstar "Seidduch" {flame, MP+9}
 37489 | Tomb:3   | Identified the +10 morningstar of the Old World {venom,
                  | rN++ Int+3}
 37490 | Tomb:3   | Identified the +8 quarterstaff of Decaying Offence {spect,
                  | Contam rN+ Will++ Str-4}
 37491 | Tomb:3   | Identified the +6 spear of Oshelicvuk {flame, Will- Dex+4}
 37492 | Tomb:3   | Identified the +3 morningstar of Resourcefulness {heavy,
                  | rPois}
 37520 | Tomb:1   | Noticed a royal mummy
 37520 | Tomb:1   | Noticed a royal mummy
 37522 | Tomb:1   | Killed a royal mummy
 37523 | Tomb:1   | Killed a royal mummy
 37746 | Slime:1  | Entered Level 1 of the Pits of Slime
 37804 | Slime:4  | Noticed Dissolution
 37806 | Slime:4  | Killed Dissolution
 37831 | Slime:5  | Entered Level 5 of the Pits of Slime
 37858 | Slime:5  | Noticed the Royal Jelly
 37873 | Slime:5  | Killed the Royal Jelly
 37904 | Slime:5  | Found the +7 sceptre of Torment {pain, torment}
 37906 | Slime:5  | Identified the ring of the Jester {rC+ Str+3 Slay+5}
 37912 | Slime:5  | Identified the staff of poison "Agrusyesoke" {rPois rC+
                  | MP+9}
 37913 | Slime:5  | Identified the ring "Zoug" {Fire rN+ Int+3}
 37920 | Slime:5  | Identified the +3 fire dragon scales of Natsone {rElec rF++
                  | rC- MP+9}
 37921 | Slime:5  | Got Cuog's Essays on the Snowflakes and Conflict
 37921 | Slime:5  | Got a slimy rune of Zot
 38008 | Lair:4   | Reached skill level 1 in Ranged Weapons
 38057 | D:11     | You fall into a shaft and drop 3 floors!
 38126 | Pan      | Entered Pandemonium
 38150 | Pan      | Reached skill level 3 in Ranged Weapons
 38153 | Pan      | Noticed Vuqalop the pandemonium lord
 38220 | Pan      | Found an exit through the horrors of the Abyss.
 38239 | Pan      | Identified the +4 battleaxe "Qiking" {freeze, *Rage rPois
                  | rF+ rC+ rN+}
 38249 | Pan      | Identified the orb "Fycvol" {mayhem, Will+ rCorr}
 38251 | Pan      | Noticed Zeshet the pandemonium lord
 38255 | Pan      | Killed Zeshet the pandemonium lord
 38256 | Pan      | Reached skill level 6 in Ranged Weapons
 38335 | Pan      | Entered the realm of Cerebov.
 38502 | Pan      | Reached skill level 9 in Ranged Weapons
 38545 | Pan      | Found the +6 sword of Cerebov {flame}
 38545 | Pan      | Noticed Cerebov
 38589 | Pan      | Identified the staff of fire "Tyl Buq" {*Slow rF+ rC+++
                  | rCorr}
 38613 | Pan      | Killed Cerebov
 38624 | Pan      | Identified the staff of cold "Zuit" {rF+ rC+}
 38626 | Pan      | Identified the staff of fire "Roehuq" {+Blink rF+ Dex+3
                  | Stlth-}
 38642 | Pan      | Got a fiery rune of Zot
 38648 | Pan      | Identified the amulet "Keni Tiy" {Reflect rF- rC+ Str+5
                  | SH+5}
 38649 | Pan      | Identified the staff of air "Fahav" {rElec Int+4}
 38650 | Pan      | Identified the +0 great mace of the Furious {holy, Fly
                  | rPois}
 38661 | Pan      | Reached skill level 12 in Ranged Weapons
 38875 | Pan      | Found a runed translucent door.
 38875 | Pan      | Found a runed translucent door.
 38876 | Pan      | Noticed Upnig the pandemonium lord
 38878 | Pan      | Killed Upnig the pandemonium lord
 38887 | Pan      | Found a runed translucent door.
 38961 | Pan      | Entered the realm of Mnoleg.
 39003 | Pan      | Reached skill level 1 in Armour
 39010 | Pan      | Noticed Mnoleg
 39015 | Pan      | Killed Mnoleg
 39043 | Pan      | Reached skill level 3 in Armour
 39073 | Pan      | Got a glowing rune of Zot
 39099 | Pan      | Identified the +4 leather armour of the Orb Guardian {rPois
                  | Will+}
 39190 | Pan      | Noticed Raliole the pandemonium lord
 39234 | Pan      | Killed Raliole the pandemonium lord
 39235 | Pan      | Reached skill level 15 in Ranged Weapons
 39427 | Pan      | Found an exit through the horrors of the Abyss.
 39513 | Pan      | Noticed Sega the pandemonium lord
 39515 | Pan      | Killed Sega the pandemonium lord
 39574 | Pan      | Upgraded the game from 0.30.0-29-ga12c61a403 to
                  | 0.30.0-30-g96aa6591b8
 39818 | Pan      | Reached skill level 18 in Ranged Weapons
 40229 | Pan      | Identified the +11 great sword of Defilement {holy, rPois
                  | Str+3 Int+5 Dex+2}
 40229 | Pan      | Identified the ring of Opheobor {rPois rN+ EV+5 Int+6
                  | Stlth+}
 40297 | Pan      | Identified the ring "Moacen" {Fly rElec EV+5 Int+4 Dex-3}
 40297 | Pan      | Noticed a seraph
 40332 | Pan      | Killed a seraph
 40346 | Pan      | Identified the staff of death "Dol Icac" {rPois rN+ Will+}
 40348 | Pan      | Got a demonic rune of Zot
 40365 | Depths:2 | Escaped Pandemonium
 40367 | Pan      | Entered the realm of Gloorx Vloq.
 40367 | Pan      | Entered Pandemonium
 40375 | Pan      | Found an exit through the horrors of the Abyss.
 40499 | Pan      | Noticed Gloorx Vloq
 40509 | Pan      | Killed Gloorx Vloq
 40511 | Pan      | Got a dark rune of Zot
 40535 | Pan      | Entered the realm of Lom Lobon.
 40558 | Pan      | Reached skill level 27 in Fighting
 40620 | Pan      | Noticed Lom Lobon
 40628 | Pan      | Killed Lom Lobon
 40642 | Pan      | Got a magical rune of Zot
 40717 | Depths:2 | Escaped Pandemonium
 40754 | Tar:1    | Entered Level 1 of Tartarus
 40959 | Tar:6    | Reached skill level 24 in Dodging
 40986 | Tar:7    | Entered Level 7 of Tartarus
 40997 | Tar:7    | Noticed a dread lich
 40997 | Tar:7    | Noticed a dread lich
 40998 | Tar:7    | Killed a dread lich
 40999 | Tar:7    | Killed a dread lich
 41131 | Tar:7    | Noticed an ancient lich
 41132 | Tar:7    | Killed an ancient lich
 41136 | Tar:7    | Noticed an ancient lich
 41138 | Tar:7    | Killed an ancient lich
 41160 | Tar:7    | Noticed Ereshkigal
 41168 | Tar:7    | Killed Ereshkigal
 41215 | Tar:7    | Got a bone rune of Zot
 41254 | Depths:2 | You fall into a shaft and drop 2 floors!
 41285 | Zot:1    | Learned a level 8 spell: Borgnjor's Revivification
 41378 | Zot:5    | Noticed an orb of fire
 41386 | Zot:5    | Killed an orb of fire
 41386 | Zot:5    | Noticed an ancient lich
 41386 | Zot:5    | Noticed an orb of fire
 41388 | Zot:5    | Killed an ancient lich
 41390 | Zot:5    | Killed an orb of fire
 41401 | Zot:5    | Reached skill level 27 in Dodging
 41458 | Zot:5    | Noticed an ancient lich
 41460 | Zot:5    | Killed an ancient lich
 41484 | Zot:5    | Killed an orb of fire
 41489 | Zot:5    | Got the Orb of Zot
 41749 | D:13     | Noticed Asousoih the pandemonium lord
 41883 | D:5      | Noticed Nuydus the pandemonium lord
 41940 | D:$      | Escaped with the Orb!

Illustrated notes

Levels and vault maps discovered:
D:1:      erik_arrival_cave_to_civilisation [erik_arrival_cave_to_temple],
          layout_loops_ring, shapermc_ecumenical_altar_hornbeckon,
          minmay_misc_feat_columns, patterned_corridor
D:2:      layout_basic, uniq_crazy_yiuf_cottage, uniq_terence
D:3:      layout_rooms, amcnicky_altar_gilded, uniq_natasha
D:4:      layout_basic, xom_teletrap_fun,
          mainiacjoe_overflow_concentric_impassable, uniq_pikel
D:5:      layout_layer_cave, minmay_gold_behind_fungi,
          nicolae_elevator_lobby_asterisk, uniq_sigmund
D:6:      layout_rooms, nicolae_overflow_hidden_temple
D:7:      layout_gridville, kennysheep_little_box, minmay_temple_entry_ruins
D:8:      layout_cave_pools, hangedman_decor_peaks_small, uniq_maggie, uniq_grum
D:9:      layout_rooms, chequers_mini_garden, minmay_nine_imps
D:10:     layout_cave_pools, hellmonk_lair_entry_icy, uniq_joseph
D:11:     layout_loops_corners, nicolae_trove_entry_crystal,
          hangedman_incinerator, uniq_nergalle
D:12:     layout_basic, orc_0_dummy, uniq_sonja
D:13:     layout_rooms, dk_noncrumbling_3, fedhas_altar_2, uniq_jorgrun
D:14:     layout_cave_pods, erik_vaults_1, minmay_staircase_bubble, uniq_snorg
D:15:     grunt_enter_depths_hoard, layout_basic, minmay_misc_feat_five,
          uniq_rupert
Temple:   nicolae_temple_x_marks_the_god
Lair:1:   layout_chaotic_city, ebering_ghost_reflecting_pool,
          grunt_megastairs_3, serial_bayou_shore_a
Lair:2:   layout_concentric_octagons, minmay_shoals_entry_hut,
          guppyfry_snake_entry_garden, ebering_ghost_inner_flame, special_room
          [special_room_bee], infiniplex_staircase_pool
Lair:3:   layout_regular_city, serial_bayou_ford_a, kennysheep_basilisk_garden,
          uniq_kirke, uniq_gastronok
Lair:4:   layout_regular_city, slime_entry_1, maelrawn_ghost_gauntlet_escape,
          st_stairs_10
Lair:5:   wormcave, layout_long_grid, gauntlet_entry_generic,
          lemuel_fruit_fields
Shoals:1: layout_shoals
Shoals:2: layout_shoals, portal_ice_cave_entry_dragon
Shoals:3: layout_shoals, st_cyclops
Shoals:4: shoals_end_simple, layout_shoals, shoals_ilsuiw_ice
Snake:1:  layout_chambers, serial_shops, shop, minmay_shoptagon
Snake:2:  layout_cave_town, nicolae_integral_box
Snake:3:  layout_misc_corridors, minmay_shop_grid_forest,
          nicolae_snake_gridmaze_spiral
Snake:4:  johnstein_snake_rune_scales, layout_cave_town, serial_shops, shop,
          nicolae_shop_gadgets, uniq_asterion
Slime:1:  layout_caves
Slime:2:  layout_caves
Slime:3:  layout_caves, basic_altar
Slime:4:  layout_caves, dissolution_awaits
Slime:5
Orc:1:    layout_caves, basic_altar, uniq_josephine, uniq_maurice
Orc:2:    st_orc_open, layout_diamond_mine, uniq_nessos, uniq_urug, uniq_donald
Elf:1:    layout_loops_cross, hangedman_elven_crosses_minicolossus,
          grunt_ministairs_13
Elf:2:    nicolae_elf_blades_crystal_corner, layout_gridlike
Elf:3:    minmay_elf_hall_circle, layout_gridlike, serial_shops,
          nicolae_square_shop, st_stairs_10, nicolae_elf_w_pinch,
          nicolae_shop_clearance, minmay_shop_star
Vaults:1: nicolae_vaults_oval_intersection, nicolae_vaults_storage_room_doors,
          nicolae_vaults_storage_room_glass, hangedman_vaults_river_flow,
          nicolae_vaults_more_shelving_2, grunt_vaults_bifocal, st_cross,
          grunt_vaults_diagonal, nicolae_vaults_trapezoid_lopsided_3,
          nicolae_vaults_three_branches, nicolae_vaults_theta,
          nicolae_vaults_little_squares_1, nicolae_vaults_heart-shaped_vault,
          layout_vaults_maze, serial_shops, bzr_entry_gold
Vaults:2: nicolae_vaults_library_corner, vaults_mumra_hex,
          nicolae_vaults_puzzle_piece, vaults_standard_mumra_x, v_misc_12,
          vaults_room_large_hall, ontoclasm_vaults_ring_small,
          nicolae_vaults_hexular_roomagon, hangedman_vaults_stream,
          nicolae_vaults_double_plus_3, nicolae_vaults_alarming,
          nicolae_vaults_apartment_2, vaults_dpeg_cross,
          nicolae_vaults_rhombus_6, layout_vaults_ring
Vaults:3: mu_enter_wizlab_5, minmay_crypt_entry_vampire_xt,
          nicolae_vaults_shipping_containers_5,
          nicolae_vaults_taking_the_gang_shopping,
          nicolae_vaults_little_squares_4, nicolae_vaults_weapon_check,
          layout_vaults_quadrants, serial_shops, shop
Vaults:4: v_alt_pattern_4, gammafunk_the_bubble [the_bubble_gammafunk_roulette],
          nicolae_vaults_yaktaur_gun_rack, ontoclasm_vaults_idyll,
          nicolae_vaults_twisting_passages, nicolae_vaults_frosty_reception,
          grunt_vaults_funnel, nicolae_vaults_diamond_2,
          layout_vaults_chaotic_city, uniq_margery, uniq_saint_roka
Vaults:5
Crypt:1:  layout_gridlike, nicolae_crypt_crumbling_hall, grunt_megastairs_5,
          grunt_crypt_arrival_webbed, lemuel_upstairs_altar
Crypt:2:  layout_chaotic_city, st_stairs_4, roderic_lattice_octagonal_star
Crypt:3:  lightli_unholy_cathedral, layout_chaotic_city, basic_altar
Tomb:1
Tomb:2
Tomb:3
Depths:1: minmay_bad_star, layout_cross, grunt_mini_vestibule, serial_shops,
          nicolae_shop_tiny_real_fake_doors, serial_column_ruins,
          column_ruins_portal_squares, column_ruins_square_small,
          column_ruins_hut_ruined, column_ruins_open_tiny,
          column_ruins_corridor_straight, column_ruins_columns_corner,
          nzn_wu_jian_council_hall, kennysheep_small_spiral,
          kennysheep_generic_room_12
Depths:2: regret_index_dithmenos_brocken_genspenst, layout_gridlike,
          grunt_decor_mini_mirrors, rand_demon_pan_entry_9,
          pf_hell_entry_tar_spiral
Depths:3: evilmike_lava_path, layout_gridlike, hell_entry, abyss_entry,
          nicolae_concentric_dashed_squares_mild, minmay_crystal_box,
          uniq_xtahua
Depths:4: evilmike_zot_entry_round, layout_long_grid, enter_ziggurat_d,
          pf_vacation_house_of_asmodeus, evilmike_ruin_ashenzari, hex_large,
          nicolae_keep_em_comin
Hell
Dis:1:    layout_regular_city, nicolae_dis_strange_trophy_room
Dis:2:    layout_gridville, hangedman_dis_chains
Dis:3:    nicolae_dis_array, layout_regular_city, nicolae_dis_scattering
Dis:4:    layout_subdivisions
Dis:5:    layout_jigsaw, glass_columns_b
Dis:6:    layout_overlapping_boxes
Dis:7:    dis_grunt_layers
Geh:1:    layout_gehenna_lava_caves, nicolae_geh_gnashing_of_teeth
Geh:2:    layout_gehenna_lava_caves, nicolae_hells_seeping_fissure
Geh:3:    layout_gehenna_lava_caves
Geh:4:    layout_gehenna_pools_triple
Geh:5:    layout_gehenna_pools_basic, hangedman_gehenna_grave_pits,
          hangedman_elemental_grid_stream
Geh:6:    layout_gehenna_pools_box
Geh:7:    geh_grunt_pentagon
Coc:1:    layout_cocytus_water_paths
Coc:2:    layout_ice_bergs
Coc:3:    layout_ice_bergs
Coc:4:    layout_cocytus_water_paths
Coc:5:    layout_ice_bergs
Coc:6:    layout_cocytus_water_paths
Coc:7:    coc_grunt_cove [coc_grunt_cove_antaeus, coc_grunt_cove_fiend,
          coc_grunt_cove_fiend, coc_grunt_cove_fiend, coc_grunt_cove_fiend]
Tar:1:    layout_honeycomb, nicolae_tar_cuneiform_three, nicolae_tar_grid_combs
Tar:2:    layout_cathedral_of_symmetry, nicolae_tar_cuneiform_to_be
Tar:3:    nicolae_tar_entranced, layout_cathedral_of_symmetry
Tar:4:    nicolae_tar_funeral_procession, layout_cathedral_of_symmetry
Tar:5:    layout_honeycomb
Tar:6:    layout_cathedral_of_symmetry, nicolae_tar_just_some_guys
Tar:7:    tar_grunt_cathedral
Zot:1:    gammafunk_sealed_library, layout_onion_interference,
          bh_zot_ikea_curve, nicolae_rock_paper_scissors
Zot:2:    layout_concentric_octagons, basic_altar, hangedman_elemental_corridor
Zot:3:    layout_cathedral_of_symmetry
Zot:4:    layout_gridlike
Zot:5:    layout_gridlike, lemuel_flame_loot_1

Skill      XL: |  1  2  3  4  5  6  7  8  9 10 11 12 13 14 15 16 17 18 19 20 21 22 23 24 25 26 27 |
---------------+----------------------------------------------------------------------------------+-----
Spellcasting   | 4 5 6 8 9 11 13 15 16 18 20 23 25 27 | 27.0
Air Magic      | 4 8 11 13 15 16 | 16.0
Fire Magic     | 4 8 11 13 15 17 20 | 20.6
Dodging        | 6 7 27 | 27.0
Invocations    | 8 10 14 15 | 15.0
Fighting       | 6 7 14 15 27 | 27.0
Necromancy     | 4 8 22 | 22.8
Translocations | 3 |  3.0
Ice Magic      | 7 13 17 20 21 22 | 22.1
Earth Magic    | 4 23 | 23.6
Transmutations | 8 |  8.0
Conjurations   | 7 |  7.0
Ranged Weapons | 18 | 18.0
Armour         | 5 |  5.0
Stealth        | |  1.7
Summonings     | |  1.0

Action                     |  1- 3 |  4- 6 |  7- 9 | 10-12 | 13-15 | 16-18 | 19-21 | 22-24 | 25-27 || total
---------------------------+-------+-------+-------+-------+-------+-------+-------+-------+-------++-------
  Melee: Dagger            |     7 |       |    24 |    59 |       |       |       |       |       ||    90
         Short sword       |    24 |    61 |   198 |   184 |       |       |       |       |       ||   467
         Kick              |       |     7 |    78 |   106 |    22 |    10 |     2 |     6 |    10 ||   241
         Morningstar       |       |       |     6 |       |       |    14 |       |       |     5 ||    25
         Punch             |       |       |     5 |     2 |     1 |       |       |       |       ||     8
         Tailslap          |       |       |    29 |    51 |     8 |     7 |       |     2 |     4 ||   101
         Staff             |       |       |       |     2 |    23 |    14 |     2 |    11 |     9 ||    61
         Great mace        |       |       |       |       |    28 |       |       |       |       ||    28
   Fire: Longbow           |       |       |       |       |       |       |       |       |     8 ||     8
  Throw: Dart              |       |       |       |     6 |       |       |       |       |       ||     6
         Throwing net      |       |       |       |     5 |       |       |       |       |       ||     5
   Cast: Magic Dart        |    29 |    44 |   116 |    21 |       |       |       |       |       ||   210
         Mephitic Cloud    |       |     3 |    21 |    31 |       |       |       |       |       ||    55
         Blink             |       |       |     1 |     5 |    12 |    10 |    19 |    28 |   128 ||   203
         Tukima's Dance    |       |       |    14 |    22 |       |       |       |       |       ||    36
         Summon Lightning  |       |       |     1 |    39 |       |       |       |       |       ||    40
         Apportation       |       |       |       |    46 |    71 |   125 |    87 |   180 |   332 ||   841
         Airstrike         |       |       |       |    45 |     3 |    52 |    47 |    21 |    15 ||   183
         Plasma Beam       |       |       |       |    19 |   274 |   457 |   454 |   577 |   471 ||  2252
         Arcjolt           |       |       |       |     1 |    22 |    11 |     2 |     1 |       ||    37
         Starburst         |       |       |       |       |       |     4 |    11 |    16 |     3 ||    34
         Passage of Golubr |       |       |       |       |       |       |   336 |   893 |  1310 ||  2539
         Sublimation of Bl |       |       |       |       |       |       |    62 |   137 |   448 ||   647
         Passwall          |       |       |       |       |       |       |     2 |     8 |    23 ||    33
         Vhi's Electric Ch |       |       |       |       |       |       |     1 |       |     3 ||     4
         Ozocubu's Refrige |       |       |       |       |       |       |     6 |    24 |   415 ||   445
         Polar Vortex      |       |       |       |       |       |       |       |    23 |    69 ||    92
         Ignition          |       |       |       |       |       |       |       |     3 |   290 ||   293
         Shatter           |       |       |       |       |       |       |       |       |   764 ||   764
         Lehudib's Crystal |       |       |       |       |       |       |       |       |   134 ||   134
         Necromutation     |       |       |       |       |       |       |       |       |   129 ||   129
         Death's Door      |       |       |       |       |       |       |       |       |     6 ||     6
 Invoke: Slouch            |       |       |       |       |       |       |     2 |     1 |    14 ||    17
         Step From Time    |       |       |       |       |       |       |       |       |     2 ||     2
Ability: End Transformatio |       |       |       |       |       |       |       |       |   107 ||   107
  Evoke: Wand              |       |     1 |     4 |    13 |    10 |     3 |     2 |     1 |    46 ||    80
    Use: Scroll            |       |     7 |     9 |    10 |    13 |     9 |     5 |     6 |    81 ||   140
         Potion            |       |     2 |       |       |     4 |     8 |     7 |     1 |    64 ||    86
   Stab: Sleeping          |     4 |     3 |     6 |     1 |       |       |       |     1 |       ||    15
         Confused          |       |     3 |     9 |    18 |       |       |       |       |       ||    30
         Distracted        |       |       |       |     6 |       |       |       |       |       ||     6
         Paralysed         |       |       |       |    13 |     9 |     6 |       |     5 |     1 ||    34
         Held in net/web   |       |       |       |     2 |       |       |       |       |       ||     2
 Armour: Robe              |     1 |     7 |    46 |     8 |       |       |       |       |       ||    62
         Steam dragon scal |       |       |       |    52 |       |       |       |       |       ||    52
         Troll leather arm |       |       |       |    61 |    72 |    49 |    17 |    21 |    72 ||   292
  Dodge: Dodged            |    15 |    24 |   121 |   211 |   136 |    81 |    37 |    83 |   452 ||  1160

Table legend: (Time is in decaauts)
 A = Elapsed time spent in this place.
 B = Non-inter-level travel time spent in this place.
 C = Inter-level travel time spent in this place.
 D = Time resting spent in this place.
 E = Time spent auto-exploring this place.
 F = Levels seen in this place.
 G = Mean time per level.
                   A        B        C        D        E       F      G
               +--------+--------+--------+--------+--------+-----+--------+
         Total |  61501 |  56266 |   5235 |   1468 |      0 | 140 |  439.3 |
       Dungeon |  15745 |  13198 |   2547 |     91 |      0 |  15 | 1049.7 |
        Temple |     23 |     23 |      0 |      0 |      0 |   1 |   23.0 |
          Lair |   5668 |   4947 |    721 |     19 |      0 |   5 | 1133.6 |
        Shoals |   4818 |   4333 |    485 |    191 |      0 |   4 | 1204.5 |
     Snake Pit |   5969 |   5156 |    813 |     78 |      0 |   4 | 1492.2 |
    Slime Pits |    307 |    307 |      0 |      9 |      0 |   5 |   61.4 |
  Orcish Mines |   1621 |   1269 |    352 |     29 |      0 |   2 |  810.5 |
   Elven Halls |   3652 |   3404 |    248 |     64 |      0 |   3 | 1217.3 |
        Vaults |   4100 |   4094 |      6 |    124 |      0 |   5 |  820.0 |
         Crypt |   1682 |   1682 |      0 |     17 |      0 |   3 |  560.7 |
          Tomb |    964 |    964 |      0 |    122 |      0 |   3 |  321.3 |
        Depths |   3330 |   3330 |      0 |     89 |      0 |   4 |  832.5 |
          Hell |    341 |    341 |      0 |     33 |      0 |   1 |  341.0 |
           Dis |    987 |    987 |      0 |     10 |      0 |   7 |  141.0 |
       Gehenna |    872 |    872 |      0 |     92 |      0 |   7 |  124.6 |
       Cocytus |    954 |    940 |     14 |     34 |      0 |   7 |  136.3 |
      Tartarus |    530 |    530 |      0 |     33 |      0 |   7 |   75.7 |
           Zot |   2916 |   2872 |     44 |     97 |      0 |   5 |  583.2 |
         Abyss |    209 |    209 |      0 |      0 |      0 |   5 |   41.8 |
   Pandemonium |   2887 |   2887 |      0 |     50 |      0 |  16 |  180.4 |
      Ziggurat |   2080 |   2080 |      0 |    262 |      0 |  27 |   77.0 |
        Bazaar |     17 |     17 |      0 |      0 |      0 |   1 |   17.0 |
      Ice Cave |    645 |    645 |      0 |     24 |      0 |   1 |  645.0 |
        Wizlab |    744 |    744 |      0 |      0 |      0 |   1 |  744.0 |
      Gauntlet |    426 |    426 |      0 |      0 |      0 |   1 |  426.0 |
               +--------+--------+--------+--------+--------+-----+--------+

Top non-repeatable levels by time:
    D:15: 1640 daAuts
    D:11: 1635 daAuts
 Snake:1: 1612 daAuts
 Snake:2: 1596 daAuts
 Snake:4: 1589 daAuts
    D:14: 1560 daAuts
     D:1: 1337 daAuts
   Elf:3: 1335 daAuts
Shoals:4: 1311 daAuts
  Lair:2: 1291 daAuts
Shoals:1: 1266 daAuts
   Elf:1: 1221 daAuts
  Lair:3: 1179 daAuts
Shoals:3: 1176 daAuts
  Lair:4: 1172 daAuts

Table legend:
 A = Kills in this place as a percentage of kills in the entire game.
 B = Kills by you in this place as a percentage of kills by you in the entire game.
 C = Kills by friends in this place as a percentage of kills by friends in the entire game.
 D = Other kills in this place as a percentage of other kills in the entire game.
 E = Experience gained in this place as a percentage of experience gained in the entire game.
 F = Experience gained in this place divided by the number of levels of this place that you have seen.
                   A       B       C       D       E      F
               +-------+-------+-------+-------+-------+----------------------
         Total | 100.0 | 100.0 | 100.0 | 100.0 | 100.0 | 26814.1
       Dungeon |   7.4 |   6.1 | 100.0 |  66.7 |   1.5 | 3644.9
          Lair |   4.5 |   4.5 |   0.0 |   0.0 |   1.7 | 12441.4
        Shoals |   3.2 |   3.2 |   0.0 |   0.0 |   2.1 | 19637.2
     Snake Pit |   3.5 |   3.5 |   0.0 |   0.0 |   2.2 | 20869.5
    Slime Pits |   2.7 |   2.7 |   0.0 |   0.0 |   2.1 | 16000.4
  Orcish Mines |   2.8 |   2.8 |   0.0 |   0.0 |   0.7 | 12873.0
   Elven Halls |   3.7 |   3.7 |   0.0 |   0.0 |   3.2 | 40582.0
        Vaults |   7.4 |   7.6 |   0.0 |   0.0 |   7.4 | 55879.4
         Crypt |   3.6 |   3.6 |   0.0 |   0.0 |   3.4 | 42522.7
          Tomb |   5.0 |   5.1 |   0.0 |   0.0 |   6.0 | 75376.7
        Depths |   5.8 |   5.8 |   0.0 |   0.0 |   6.6 | 61826.0
          Hell |   2.0 |   2.1 |   0.0 |   0.0 |   1.6 | 58528.0
           Dis |   2.6 |   2.7 |   0.0 |   0.0 |   4.7 | 25085.0
       Gehenna |   2.9 |   2.9 |   0.0 |   0.0 |   4.0 | 21386.4
       Cocytus |   5.6 |   5.7 |   0.0 |   0.0 |   7.7 | 41481.9
      Tartarus |   2.6 |   2.6 |   0.0 |   0.0 |   4.8 | 25571.7
           Zot |   4.0 |   4.1 |   0.0 |   0.0 |   7.1 | 53419.0
         Abyss |   0.7 |   0.7 |   0.0 |   0.0 |   0.6 | 4440.4
   Pandemonium |   9.5 |   9.6 |   0.0 |   0.0 |  10.7 | 25203.4
      Ziggurat |  18.4 |  18.5 |   0.0 |  33.3 |  20.1 | 27993.1
      Ice Cave |   0.6 |   0.6 |   0.0 |   0.0 |   0.3 | 11553.0
        Wizlab |   1.3 |   1.3 |   0.0 |   0.0 |   1.3 | 49540.0
      Gauntlet |   0.3 |   0.3 |   0.0 |   0.0 |   0.1 | 4509.0
               +-------+-------+-------+-------+-------+----------------------

Levels and vault maps discovered:
D:1:      erik_arrival_cave_to_civilisation [erik_arrival_cave_to_temple],
          layout_loops_ring, shapermc_ecumenical_altar_hornbeckon,
          minmay_misc_feat_columns, patterned_corridor
D:2:      layout_basic, uniq_crazy_yiuf_cottage, uniq_terence
D:3:      layout_rooms, amcnicky_altar_gilded, uniq_natasha
D:4:      layout_basic, xom_teletrap_fun,
          mainiacjoe_overflow_concentric_impassable, uniq_pikel
D:5:      layout_layer_cave, minmay_gold_behind_fungi,
          nicolae_elevator_lobby_asterisk, uniq_sigmund
D:6:      layout_rooms, nicolae_overflow_hidden_temple
D:7:      layout_gridville, kennysheep_little_box, minmay_temple_entry_ruins
D:8:      layout_cave_pools, hangedman_decor_peaks_small, uniq_maggie, uniq_grum
D:9:      layout_rooms, chequers_mini_garden, minmay_nine_imps
D:10:     layout_cave_pools, hellmonk_lair_entry_icy, uniq_joseph
D:11:     layout_loops_corners, nicolae_trove_entry_crystal,
          hangedman_incinerator, uniq_nergalle
D:12:     layout_basic, orc_0_dummy, uniq_sonja
D:13:     layout_rooms, dk_noncrumbling_3, fedhas_altar_2, uniq_jorgrun
D:14:     layout_cave_pods, erik_vaults_1, minmay_staircase_bubble, uniq_snorg
D:15:     grunt_enter_depths_hoard, layout_basic, minmay_misc_feat_five,
          uniq_rupert
Temple:   nicolae_temple_x_marks_the_god
Lair:1:   layout_chaotic_city, ebering_ghost_reflecting_pool,
          grunt_megastairs_3, serial_bayou_shore_a
Lair:2:   layout_concentric_octagons, minmay_shoals_entry_hut,
          guppyfry_snake_entry_garden, ebering_ghost_inner_flame, special_room
          [special_room_bee], infiniplex_staircase_pool
Lair:3:   layout_regular_city, serial_bayou_ford_a, kennysheep_basilisk_garden,
          uniq_kirke, uniq_gastronok
Lair:4:   layout_regular_city, slime_entry_1, maelrawn_ghost_gauntlet_escape,
          st_stairs_10
Lair:5:   wormcave, layout_long_grid, gauntlet_entry_generic,
          lemuel_fruit_fields
Shoals:1: layout_shoals
Shoals:2: layout_shoals, portal_ice_cave_entry_dragon
Shoals:3: layout_shoals, st_cyclops
Shoals:4: shoals_end_simple, layout_shoals, shoals_ilsuiw_ice
Snake:1:  layout_chambers, serial_shops, shop, minmay_shoptagon
Snake:2:  layout_cave_town, nicolae_integral_box
Snake:3:  layout_misc_corridors, minmay_shop_grid_forest,
          nicolae_snake_gridmaze_spiral
Snake:4:  johnstein_snake_rune_scales, layout_cave_town, serial_shops, shop,
          nicolae_shop_gadgets, uniq_asterion
Slime:1:  layout_caves
Slime:2:  layout_caves
Slime:3:  layout_caves, basic_altar
Slime:4:  layout_caves, dissolution_awaits
Slime:5
Orc:1:    layout_caves, basic_altar, uniq_josephine, uniq_maurice
Orc:2:    st_orc_open, layout_diamond_mine, uniq_nessos, uniq_urug, uniq_donald
Elf:1:    layout_loops_cross, hangedman_elven_crosses_minicolossus,
          grunt_ministairs_13
Elf:2:    nicolae_elf_blades_crystal_corner, layout_gridlike
Elf:3:    minmay_elf_hall_circle, layout_gridlike, serial_shops,
          nicolae_square_shop, st_stairs_10, nicolae_elf_w_pinch,
          nicolae_shop_clearance, minmay_shop_star
Vaults:1: nicolae_vaults_oval_intersection, nicolae_vaults_storage_room_doors,
          nicolae_vaults_storage_room_glass, hangedman_vaults_river_flow,
          nicolae_vaults_more_shelving_2, grunt_vaults_bifocal, st_cross,
          grunt_vaults_diagonal, nicolae_vaults_trapezoid_lopsided_3,
          nicolae_vaults_three_branches, nicolae_vaults_theta,
          nicolae_vaults_little_squares_1, nicolae_vaults_heart-shaped_vault,
          layout_vaults_maze, serial_shops, bzr_entry_gold
Vaults:2: nicolae_vaults_library_corner, vaults_mumra_hex,
          nicolae_vaults_puzzle_piece, vaults_standard_mumra_x, v_misc_12,
          vaults_room_large_hall, ontoclasm_vaults_ring_small,
          nicolae_vaults_hexular_roomagon, hangedman_vaults_stream,
          nicolae_vaults_double_plus_3, nicolae_vaults_alarming,
          nicolae_vaults_apartment_2, vaults_dpeg_cross,
          nicolae_vaults_rhombus_6, layout_vaults_ring
Vaults:3: mu_enter_wizlab_5, minmay_crypt_entry_vampire_xt,
          nicolae_vaults_shipping_containers_5,
          nicolae_vaults_taking_the_gang_shopping,
          nicolae_vaults_little_squares_4, nicolae_vaults_weapon_check,
          layout_vaults_quadrants, serial_shops, shop
Vaults:4: v_alt_pattern_4, gammafunk_the_bubble [the_bubble_gammafunk_roulette],
          nicolae_vaults_yaktaur_gun_rack, ontoclasm_vaults_idyll,
          nicolae_vaults_twisting_passages, nicolae_vaults_frosty_reception,
          grunt_vaults_funnel, nicolae_vaults_diamond_2,
          layout_vaults_chaotic_city, uniq_margery, uniq_saint_roka
Vaults:5
Crypt:1:  layout_gridlike, nicolae_crypt_crumbling_hall, grunt_megastairs_5,
          grunt_crypt_arrival_webbed, lemuel_upstairs_altar
Crypt:2:  layout_chaotic_city, st_stairs_4, roderic_lattice_octagonal_star
Crypt:3:  lightli_unholy_cathedral, layout_chaotic_city, basic_altar
Tomb:1
Tomb:2
Tomb:3
Depths:1: minmay_bad_star, layout_cross, grunt_mini_vestibule, serial_shops,
          nicolae_shop_tiny_real_fake_doors, serial_column_ruins,
          column_ruins_portal_squares, column_ruins_square_small,
          column_ruins_hut_ruined, column_ruins_open_tiny,
          column_ruins_corridor_straight, column_ruins_columns_corner,
          nzn_wu_jian_council_hall, kennysheep_small_spiral,
          kennysheep_generic_room_12
Depths:2: regret_index_dithmenos_brocken_genspenst, layout_gridlike,
          grunt_decor_mini_mirrors, rand_demon_pan_entry_9,
          pf_hell_entry_tar_spiral
Depths:3: evilmike_lava_path, layout_gridlike, hell_entry, abyss_entry,
          nicolae_concentric_dashed_squares_mild, minmay_crystal_box,
          uniq_xtahua
Depths:4: evilmike_zot_entry_round, layout_long_grid, enter_ziggurat_d,
          pf_vacation_house_of_asmodeus, evilmike_ruin_ashenzari, hex_large,
          nicolae_keep_em_comin
Hell
Dis:1:    layout_regular_city, nicolae_dis_strange_trophy_room
Dis:2:    layout_gridville, hangedman_dis_chains
Dis:3:    nicolae_dis_array, layout_regular_city, nicolae_dis_scattering
Dis:4:    layout_subdivisions
Dis:5:    layout_jigsaw, glass_columns_b
Dis:6:    layout_overlapping_boxes
Dis:7:    dis_grunt_layers
Geh:1:    layout_gehenna_lava_caves, nicolae_geh_gnashing_of_teeth
Geh:2:    layout_gehenna_lava_caves, nicolae_hells_seeping_fissure
Geh:3:    layout_gehenna_lava_caves
Geh:4:    layout_gehenna_pools_triple
Geh:5:    layout_gehenna_pools_basic, hangedman_gehenna_grave_pits,
          hangedman_elemental_grid_stream
Geh:6:    layout_gehenna_pools_box
Geh:7:    geh_grunt_pentagon
Coc:1:    layout_cocytus_water_paths
Coc:2:    layout_ice_bergs
Coc:3:    layout_ice_bergs
Coc:4:    layout_cocytus_water_paths
Coc:5:    layout_ice_bergs
Coc:6:    layout_cocytus_water_paths
Coc:7:    coc_grunt_cove [coc_grunt_cove_antaeus, coc_grunt_cove_fiend,
          coc_grunt_cove_fiend, coc_grunt_cove_fiend, coc_grunt_cove_fiend]
Tar:1:    layout_honeycomb, nicolae_tar_cuneiform_three, nicolae_tar_grid_combs
Tar:2:    layout_cathedral_of_symmetry, nicolae_tar_cuneiform_to_be
Tar:3:    nicolae_tar_entranced, layout_cathedral_of_symmetry
Tar:4:    nicolae_tar_funeral_procession, layout_cathedral_of_symmetry
Tar:5:    layout_honeycomb
Tar:6:    layout_cathedral_of_symmetry, nicolae_tar_just_some_guys
Tar:7:    tar_grunt_cathedral
Zot:1:    gammafunk_sealed_library, layout_onion_interference,
          bh_zot_ikea_curve, nicolae_rock_paper_scissors
Zot:2:    layout_concentric_octagons, basic_altar, hangedman_elemental_corridor
Zot:3:    layout_cathedral_of_symmetry
Zot:4:    layout_gridlike
Zot:5:    layout_gridlike, lemuel_flame_loot_1
